Workbook

Sheet Obsah
A1: Příloha č. 1 - Formát údajů pro uveřejňování podle vyhlášky
A2: I. Seznam údajů o povinné osobě, složení společníků nebo členů, struktuře konsolidačního celku, jehož je součástí, o činnosti a finanční situaci - k příloze č. 10 k vyhlášce 163/2014 Sb.
A3: Datum uveřejnění informace | C3: 42685 | D3: Povinná osoba výkaz vyplňuje: ANO/NE
A4: Informace platné k datu | C4: (30/09/2016)
C5: frekvence vykazování
A6: I. Část 1 | B6: Údaje o povinné osobě | C6: čtvrtletně | D6: ANO
A7: I. Část 1a | B7: Organizační struktura povinné osoby | C7: čtvrtletně | D7: ANO
A8: I. Část 2 | B8: Údaje o složení společníků nebo členů povinné osoby | C8: čtvrtletně | D8: ANO
A9: I. Část 3 | B9: Údaje o struktuře konsolidačního celku, jehož je povinná osoba součástí | C9: čtvrtletně | D9: ANO
A10: I. Část 3a | B10: Grafické znázornění konsolidačního celku, jehož členem je povinná osoba, z hlediska vlastnického uspořádání | C10: čtvrtletně | D10: ANO
A11: I. Část 3b | B11: Grafické znázornění konsolidačního celku, jehož členem je povinná osoba, z hlediska řízení | C11: čtvrtletně | D11: ANO
A12: I. Část 4 | B12: Údaje o činnosti povinné osoby | C12: čtvrtletně | D12: ANO
A13: I. Část 5 | B13: Údaje o finanční situaci povinné osoby | C13: čtvrtletně | D13: ANO
A14: I. Část 5a | B14: Údaje o finanční situaci povinné osoby - deriváty | C14: čtvrtletně | D14: ANO
A15: I. Část 5b | B15: Údaje o finanční situaci povinné osoby - informace povinné osoby, která je bankou nebo spořitelním a úvěrním družstvem o pohledávkách | C15: čtvrtletně | D15: ANO
A16: I. Část 6 | B16: Rozvaha povinné osoby podle výkazů předkládaných České národní bance | C16: čtvrtletně | D16: ANO
A17: I. Část 7 | B17: Výkaz zisku nebo ztráty povinné osoby podle výkazů předkládaných České národní bance | C17: čtvrtletně | D17: ANO
A18: II. Seznam údajů o majetkoprávních vztazích mezi členy konsolidačního celku a řídicím a kontrolním systému - k příloze č. 11 k vyhlášce 163/2014 Sb.
A19: Datum uveřejnění informace | C19: =C3 -> 42685
A20: Informace platné k datu | C20: =C4 -> (30/09/2016)
C21: frekvence vykazování
A22: II. Část 1 | B22: Obsah údajů o majetkoprávních vztazích mezi členy konsolidačního celku a řídicím a kontrolním systému I* | C22: ročně | D22: NE
A23: II. Část 2 | B23: Obsah údajů o majetkoprávních vztazích mezi členy konsolidačního celku a řídicím a kontrolním systému II* | C23: ročně | D23: NE
A24: II. Část 3 | B24: Obsah údajů o majetkoprávních vztazích mezi členy konsolidačního celku a řídicím a kontrolním systému III* | C24: ročně | D24: NE
A25: III. Seznam údajů o druzích a rozsahu poskytnutých investičních služeb - k příloze č. 12 k vyhlášce 163/2014 Sb.
A26: Datum uveřejnění informace | C26: =C3 -> 42685
A27: Informace platné k datu | C27: =C4 -> (30/09/2016)
C28: frekvence vykazování
A29: III. Část 1 | B29: Investiční služby poskytnuté obchodníkem s cennými papíry jiným než podle § 8a odst. 4 a 7 zákona o podnikání na kapitálovém trhu | C29: čtvrtletně | D29: NE
A30: III. Část 2 | B30: Investiční služby poskytnuté obchodníkem s cennými papíry podle § 8a odst. 4 a 7 zákona o podnikání na kapitálovém trhu | C30: čtvrtletně | D30: NE
A31: IV. Seznam údajů uveřejňovaných pobočkou banky z jiného než členského státu - k příloze č. 13 k vyhlášce 163/2014 Sb.
A32: Datum uveřejnění informace | C32: =C3 -> 42685
A33: Informace platné k datu | C33: =C4 -> (30/09/2016)
C34: frekvence vykazování
A35: IV. Část 1 | B35: Údaje o zahraniční bance z jiného než členského státu | C35: čtvrtletně | D35: NE
A36: IV. Část 1a | B36: Údaje o složení společníků nebo členů zahraniční banky z jiného než členského státu | C36: čtvrtletně | D36: NE
A37: IV. Část 1b | B37: Údaje o činnosti zahraniční banky z jiného než členského státu | C37: čtvrtletně | D37: NE
A38: IV. Část 1c | B38: Výroční zpráva zahraniční banky z jiného než členského státu | C38: čtvrtletně | D38: NE
A39: IV. Část 2 | B39: Údaje o pobočce banky z jiného než členského státu I | C39: čtvrtletně | D39: NE
A40: IV. Část 2a | B40: Údaje o pobočce banky z jiného než členského státu II | C40: čtvrtletně | D40: NE
A41: IV. Část 2b | B41: Údaje o pobočce banky z jiného než členského státu III | C41: čtvrtletně | D41: NE
A42: IV. Část 3 | B42: Údaje o plnění obezřetnostních pravidel pobočky banky z jiného než členského státu | C42: čtvrtletně | D42: NE
A43: IV. Část 3a | B43: Údaje podle článku 437 odst. 1 písm. a) nařízení č. 575/2013 EU.s výjimkou úplného sesouhlasení položek, filtrů a odpočtů na rozvahu v rámci auditované účetní závěrky pobočky banky z jiného než členského státu | C43: čtvrtletně | D43: NE
A44: IV. Část 3b | B44: Údaje o plnění obezřetnostních pravidel pobočky banky z jiného než členského státu podle článku 438 písm. c) až f) nařízení č. 575/2013 EU. | C44: čtvrtletně | D44: NE
A45: IV. Část 3c | B45: Údaje o plnění obezřetnostních pravidel pobočky banky z jiného než členského státu - reálné a jmenovité hodnoty derivátů | C45: čtvrtletně | D45: NE
A46: IV. Část 3d | B46: Údaje o plnění obezřetnostních pravidel pobočky banky z jiného než členského státu - informace pobočky banky z jiného než členského státu o pohledávkách | C46: čtvrtletně | D46: NE
A47: V. Seznam údajů ověřovaných auditorem - k příloze č. 14 k vyhlášce 163/2014 Sb.
A48: Datum uveřejnění informace | C48: =C3 -> 42685
A49: Informace platné k datu | C49: =C4 -> (30/09/2016)
C50: frekvence vykazování
A51: V. Část 1 | B51: Údaje o kapitálu a kapitálových požadavcích podle článku 437 odst. 1 písm. a) nařízení č. 575/2013 EU | C51: ročně | D51: ANO
A52: V. Část 2 | B52: Údaje o kapitálu a kapitálových požadavcích podle článku 438 písm. c) až f) nařízení č. 575/2013 EU | C52: ročně | D52: ANO
A53: V. Část 3 | B53: Kapitálové poměry | C53: ročně | D53: ANO
A54: V. Část 4 | B54: Poměrové ukazatele | C54: ročně | D54: ANO
A55: Číselníky
A56: Číselník 1 | B56: CZ-NACE (OKEČ) číselník
A57: Číselník 2 | B57: Kódy zemí
A58: * Tuto část uveřejňují pouze povinné osoby, kterým jsou stanoveny povinnosti na konsolidovaném základě.

Sheet I. Část 1
A1: I. Část 1
A2: Údaje o povinné osobě
A4: Údaje o povinné osobě | E4: Vyhláška č.163/2014 Sb., příloha 10
A6: Informace platné k datu: | D6: =Obsah!C4 -> (30/09/2016)
A7: Obchodní firma | D7: Hypoteční banka, a.s. | E7: Bod 1 písm. a)
A8: Právní forma | D8: akciová společnost
A9: Adresa sídla | D9: Praha 5, Radlická 333/150, PSČ: 150 57
A10: Identifikační číslo povinné osoby podle zápisu v obchodním rejstříku | D10: 13584324
A11: Datum zápisu do obchodního rejstříku | D11: 33248 | E11: Bod 1 písm. b)
A12: Datum zápisu poslední změny do obchodního rejstříku
A13: Účel poslední změny zápisu do obchodního rejstříku
A14: Výše základního kapitálu zapsaného v obchodním rejstříku | D14: 5076336000 | E14: Bod 1 písm. c)
A15: Výše splaceného základního kapitálu | D15: 5076336000 | E15: Bod 1 písm. d)
A16: Akciová společnost | B16: Druh, forma, podoba emitovaných akcií | D16: Na majitele, zaknihované 10 152 672 ks 500 Kč/ kus | E16: Bod 1 písm. e)
B17: Počet emitovaných akcií
B18: Jmenovitá hodnota akcií
A19: Údaje o nabytí vlastních akcií a zatímních listů a jiných kapitálových nástrojů, pokud povinná osoba je akciovou společností | D19: Hypoteční banka nemá v držení žádné vlastní akcie. | E19: Bod 1 písm. f)
A20: Údaje o zvýšení základního kapitálu, pokud základní kapitál byl zvýšen od posledního uveřejnění | B20: Navýšení základního kapitálu od posledního uveřejnění | D20: ne | E20: Bod 1 písm. g)
B21: Způsob a rozsah zvýšení základního kapitálu, jsou-li vydávány nové akcie | C21: Druh, forma, podoba emitovaných akcií | D21: -
C22: Počet emitovaných akcií
C23: Jmenovitá hodnota akcií
C24: Rozsah splacení nově upsaných akcií | D24: -
C25: Lhůta pro splacení nově upsaných akcií | D25: -
B26: Způsob a rozsah zvýšení základního kapitálu z vlastních zdrojů | C26: Částka o níž se základní kapitál zvyšuje | D26: -
C27: Vlastní zdroje, z nichž se základní kapitál zvyšuje | D27: -
C28: Lhůta pro splacení nově upsaných akcií | D28: -
C29: Akciová společnost uvede, zda se zvyšuje jmenovitá hodnota akcií a o jakou částku | D29: -
A30: Údaje o členech vedoucího orgánu a o osobách ve vrcholném vedení povinné osoby | B30: Souhrnná výše úvěrů poskytnutých povinnou osobou členům vedoucího orgánu, osobám ve vrcholném vedení povinné osoby | D30: Původní výše úvěrů: 42 550 tis. Kč Zůstatek vč. úroků: 29 263 tis. Kč | E30: Bod 1 písm. i)
B31: Souhrnná výše záruk vydaných povinnou osobou za členy vedoucího orgánu, osoby ve vrcholném vedení povinné osoby
A32: Údaje o členech vedoucího orgánu a o osobách ve vrcholném vedení povinné osoby | E32: Bod 1 písm. i) bod 4
A33: Jméno a příjmení, včetně titulů | D33: Ing. Jan Sadil
A34: Označení orgánu a v něm vykonávané funkce nebo označení pozice ve vrcholném vedení, a datum, od kdy osoba vykonává příslušnou funkci nebo zastává danou pozici | C34: Orgán | D34: Představenstvo
C35: Funkce/pozice | D35: Předseda představenstva
C36: Datum počátku výkonu funkce/pozice | D36: 37972
A37: Dosavadní zkušenosti a kvalifikační předpoklady pro výkon dané funkce nebo zastávané pozice
A38: Absolvent ČVUT, fakulta stavební, specializační studium technického znalectví v oboru stavebnictví a ekonomiky na VÚT v Brně, Peněžní ekonomie a bankovnictví na VŠE. V letech 1995 – 2001 pracoval v KB naposledy v pozici ředitele odboru úvěry občanům.
A54: Členství člena vedoucího orgánu povinné osoby v orgánech jiných právnických osob
A55: Jméno a příjmení, včetně titulů | D55: Ing. Jan Sadil
A56: Název právnické osoby, označení orgánu a v něm vykonávané funkce | C56: Název právnické osoby | D56: Asociace pro rozvoj trhu nemovitostí
C57: Orgán | D57: Správní rada
C58: Funkce | D58: Člen
A60: Členství v orgánech jiných právnických osob
A61: Jméno a příjmení, včetně titulů | D61: Ing. Jan Sadil
A62: Název právnické osoby, označení orgánu a v něm vykonávané funkce | C62: Název právnické osoby | D62: Česká bankovní asociace - Komise pro hypoteční úvěrové obchody
C63: Orgán | D63: Správní rada
C64: Funkce | D64: Člen
A65: Členství v orgánech jiných právnických osob
A66: Jméno a příjmení, včetně titulů
A67: Název právnické osoby, označení orgánu a v něm vykonávané funkce | C67: Název právnické osoby
C68: Orgán
C69: Funkce
A70: Členství v orgánech jiných právnických osob
A71: Jméno a příjmení, včetně titulů
A72: Název právnické osoby, označení orgánu a v něm vykonávané funkce | C72: Název právnické osoby
C73: Orgán
C74: Funkce
A77: Údaje o členech vedoucího orgánu a o osobách ve vrcholném vedení povinné osoby | E77: Bod 1 písm. i) bod 4
A78: Jméno a příjmení, včetně titulů | D78: Ing. Vlastimil Nigrin
A79: Označení orgánu a v něm vykonávané funkce nebo označení pozice ve vrcholném vedení, a datum, od kdy osoba vykonává příslušnou funkci nebo zastává danou pozici | C79: Orgán | D79: Představenstvo
C80: Funkce/pozice | D80: Místopředseda
C81: Datum počátku výkonu funkce/pozice | D81: 42472
A82: Dosavadní zkušenosti a kvalifikační předpoklady pro výkon dané funkce nebo zastávané pozice
A83: Absolvent VŠE v Praze, Graduate School of Banking v americké Louisianě a řady manažerských kurzů. Před nástupem do Hypoteční banky působil v České spořitelně jako ředitel externího prodeje. Rovněž působil jako člen dozorčí rady Stavební spořitelny ČS. Od roku 2004 do dubna 2006 se coby Senior Project Manager v Home Credit Finance Bank v Moskvě podílel na přípravě nového obchodního modelu.
A85: Členství v orgánech jiných právnických osob
A86: Jméno a příjmení, včetně titulů | D86: Ing. Vlastimil Nigrin
A87: Název právnické osoby, označení orgánu a v něm vykonávané funkce | C87: Název právnické osoby | D87: SousedeCZ s.r.o.
C88: Orgán | D88: Sbor jednatelů
C89: Funkce | D89: Předseda sboru jednatelů
A91: Údaje o členech vedoucího orgánu a o osobách ve vrcholném vedení povinné osoby
A92: Jméno a příjmení, včetně titulů | D92: Mgr. Tomáš Magyar
A93: Označení orgánu a v něm vykonávané funkce nebo označení pozice ve vrcholném vedení, a datum, od kdy osoba vykonává příslušnou funkci nebo zastává danou pozici | C93: Orgán | D93: Představenstvo
C94: Funkce/pozice | D94: Člen
C95: Datum počátku výkonu funkce/pozice | D95: 42461
A96: Dosavadní zkušenosti a kvalifikační předpoklady pro výkon dané funkce nebo zastávané pozice
A97: Absolvent Univerzity Karlovy, Matematicko-fyzikální fakulty obor Pravděpodobnost a matematická statistika. Před nástupen do HB pracoval v ČSOB od roku 2004 na pozici seniorního analytika pro oblast credit scoringu. V roce 2007 se stal vedoucím odboru Credit risk modelling, kde byl zodpovědný za správu a řízení týmu odborníků na úvěrové riziko. Na této pozici se rovněž účastnil navrhování rámce pro řízení modelu kreditního rizika pro skupinu KBC. O dva roky později byl jmenován ředitelem odboru Credits Transactional Modelling & Business Intelligence, kde zajišťoval vedení kvantitativního řízení úvěrového rizika jednotek ČSOB Group. Od roku 2014 působil v čele odboru Řízení výkonnosti, Finančního controllingu a Vztahů s investory, kde řídil několik oddělení zajišťujících finanční controlling pro celou skupinu ČSOB.
A106: Není členem orgánů jiných společností.
A107: Členství v orgánech jiných právnických osob
A108: Jméno a příjmení, včetně titulů
A109: Název právnické osoby, označení orgánu a v něm vykonávané funkce | C109: Název právnické osoby
C110: Orgán
C111: Funkce
A112: Členství v orgánech jiných právnických osob
A113: Jméno a příjmení, včetně titulů
A114: Název právnické osoby, označení orgánu a v něm vykonávané funkce | C114: Název právnické osoby
C115: Orgán
C116: Funkce
A117: Členství v orgánech jiných právnických osob
A118: Jméno a příjmení, včetně titulů
A119: Název právnické osoby, označení orgánu a v něm vykonávané funkce | C119: Název právnické osoby
C120: Orgán
C121: Funkce
A124: Údaje o členech vedoucího orgánu a o osobách ve vrcholném vedení povinné osoby | E124: Bod 1 písm. i) bod 4
A125: Jméno a příjmení, včetně titulů | D125: Ing. Marek Ditz
A126: Označení orgánu a v něm vykonávané funkce nebo označení pozice ve vrcholném vedení, a datum, od kdy osoba vykonává příslušnou funkci nebo zastává danou pozici | C126: Orgán | D126: Dozorčí rada
C127: Funkce/pozice | D127: Předseda DR
C128: Datum počátku výkonu funkce/pozice | D128: 42081
A129: Dosavadní zkušenosti a kvalifikační předpoklady pro výkon dané funkce nebo zastávané pozice
A130: Vystudoval VŠE v Praze a Swiss Banking School v Curychu. V ČSOB působí od roku 1994. V roce 2005 byl Marek Ditz jmenován ředitelem divize Specializované a institucionální bankovnictví. V roce 2010 se stal vrchním ředitelem Korporátního a institucionálního bankovnictví, kde byl zodpovědný za distribuční síť 10 regionálních poboček zabezpečujících obsluhu firemních klientů, a dále za oblasti specializovaného financování, zahraničního obchodu a institucionálního bankovnictví, jež mimo jiné pokrývá obsluhu nebankovních finančních institucí, bank a vybraných subjektů veřejného sektoru. Od 1. ledna 2013 je Marek Ditz členem představenstva ČSOB. K témuž datu se stal členem vrcholného výkonného vedení ČSOB ve funkci vrchního ředitele pro oblast Vztahy s klienty (do 30. dubna 2014), poté pro oblast Investice a finanční trhy (do 30. června 2014). Od 1. července 2014 do 9. března 2015 byl odpovědný za oblast Pojištění, trhy a investice. Od 10. března 2015 je Marek Ditz odpovědný za oblast Specializované bankovnictví a pojištění.
A147: Členství v orgánech jiných právnických osob
A148: Jméno a příjmení, včetně titulů | D148: Ing. Marek Ditz
...

Sheet I. Část 1a
A1: I. Část 1a
A2: Organizační struktura povinné osoby
A4: Organizační struktura povinné osoby | E4: Vyhláška č.163/2014 Sb., příloha 10
A6: Informace platné k datu: | D6: =Obsah!C4 -> (30/09/2016)
A7: Počet obchodních míst | D7: 29 | E7: Bod 1 písm. h)
A8: Počet pracovníků (přepočtený stav) | D8: 535
A9: Organizační struktura povinné osoby (znázorní se níže)

Sheet I. Část 2
A1: I. Část 2
A2: Údaje o složení společníků nebo členů povinné osoby
A4: Údaje o složení společníků nebo členů povinné osoby | K4: Vyhláška č.163/2014 Sb., příloha 10
A6: Informace platné k datu: | D6: =Obsah!C4 -> (30/09/2016)
A7: Údaje o společnících nebo členech povinné osoby s kvalifikovanou účastí na povinné osobě | K7: Bod 2 písm. a), b)
A8: Společnící nebo členové, kteří jsou právnickými osobami | I8: Společníci nebo členové, kteří jsou fyzickými osobami
A9: Číslo řádku | B9: Obchodní firma | C9: Právní forma | D9: Adresa sídla | E9: Adresa sídla (země) | F9: Identifikační číslo, je-li přiděleno | G9: Odvětvová klasifikace ekonomických činností | H9: Výše podílu na hlasovacích právech (v %) | I9: Jméno a příjmení | J9: Výše podílu na hlasovacích právech (v %)
A10: 1 | B10: Československá obchodní banka, a.s. | C10: Akciová společnost | D10: Radlická 333/150, 150 00, Praha 5 | E10: Česká Republika | F10: 00001350 | G10: 64 | H10: 1 | I10: - | J10: -
A11: 2
A12: 3
A13: …

Sheet I. Část 3
A1: I. Část 3
A2: Údaje o struktuře konsolidačního celku, jehož je povinná osoba součástí
A4: Informace o osobách, které jsou ve vztahu k povinné osobě ovládajícími osobami, popřípadě většinovým společníkem | V4: Vyhláška č.163/2014 Sb., příloha 10
A6: Informace platné k datu: | D6: =Obsah!C4 -> (30/09/2016)
A7: Číslo řádku | B7: Obchodní firma | C7: Právní forma | D7: Adresa sídla | E7: Adresa sídla (země) | F7: Identifikační číslo, je-li přiděleno | G7: Odvětvová klasifikace ekonomických činností | H7: Jméno a příjmení (v případě fyzické osoby) | I7: Přímý podíl na základním kapitálu povinné osoby (v %) | J7: Nepřímý podíl na základním kapitálu povinné osoby (v %) | K7: Přímý podíl na hlasovacích právech povinné osoby (v %) | L7: Neřímý podíl na hlasovacích právech povinné osoby (v %) | M7: Jiný způsob ovládání | N7: Souhrnná výše dluhových nástrojů, které má povinná osoba v aktivech a které jsou závazkem těchto osob, v členění podle osob (v tis. Kč) | P7: Souhrnná výše závazků povinné osoby vůči těmto osobám, v členění podle osob (v tis. Kč) | R7: Souhrnná výše kapitálových nástrojů, které má povinná osoba v aktivech a které jsou vlastním kapitálem těchto osob, v členění podle osob (v tis. Kč) | S7: Souhrnná výše závazků povinné osoby z těchto kapitálových nástrojů, v členění podle osob (v tis. Kč)e | T7: Souhrnná výše povinnou osobou vydaných záruk za těmito osobami, v členění podle osob (v tis. Kč) | U7: Souhrnná výše povinnou osobou přijatých záruk od takových osob, v členění podle osob (v tis. Kč) | V7: Bod 3 písm. a)
N8: Dluhové cenné papírya | O8: Ostatní dluhové nástrojeb | P8: Dluhové cenné papíryc | Q8: Ostatní dluhové nástrojed
A9: 1 | B9: Československá obchodní banka, a.s. | C9: akciová společnost | D9: Radlická 333/150, 150 00, Praha 5 | E9: Česká republika | F9: 00001350 | G9: 64 | H9: - | I9: 100 | J9: - | K9: 100 | L9: - | M9: ne | N9: - | O9: 8096943.3 | P9: 2.0051047e+08 | Q9: 422229.79 | R9: - | S9: - | T9: - | U9: -
A10: 2 | B10: KBC Bank NV | C10: akciová společnost | D10: Havenlaan 2, B-1080 Brussels (Sint-Jans Molenbeek) | E10: Belgie | F10: 99999999 | G10: 64 | H10: - | I10: - | J10: 100 | K10: - | L10: 100 | M10: ne | N10: - | O10: - | P10: - | Q10: - | R10: - | S10: - | T10: - | U10: -
A11: 3 | B11: KBC Group NV | C11: akciová společnost | D11: Havenlaan 2, B-1080 Brussels (Sint-Jans Molenbeek) | E11: Belgie | F11: 99999999 | G11: 99 | H11: - | I11: - | J11: 100 | K11: - | L11: 100 | M11: ne | N11: - | O11: - | P11: - | Q11: - | R11: - | S11: - | T11: - | U11: -
A12: …
V13: Bod 3 písm. a)
A43: Informace o osobách, které jsou ve vztahu k povinné osobě ovládanými osobami, popřípadě v nichž je povinná osoba většinovým společníkem | V43: Vyhláška č.163/2014 Sb., příloha 10
A45: Číslo řádku | B45: Obchodní firma | C45: Právní forma | D45: Adresa sídla | E45: Adresa sídla (země) | F45: Identifikační číslo, je-li přiděleno | G45: Odvětvová klasifikace ekonomických činností | H45: Zahrnutí do obezřetnostní konsolidace (ano/ne)f | I45: Přímý podíl povinné osoby na základním kapitálu (v %) | J45: Nepřímý podíl povinné osoby na základním kapitálu (v %) | K45: Přímý podíl povinné osoby na hlasovacích právech (v %) | L45: Nepřímý podíl povinné osoby na hlasovacích právech (v %) | M45: Jiný způsob ovládání | N45: Souhrnná výše dluhových nástrojů, které má povinná osoba v aktivech a které jsou závazkem těchto osob, v členění podle osob (v tis. Kč) | P45: Souhrnná výše závazků povinné osoby vůči těmto osobám, v členění podle osob (v tis. Kč) | R45: Souhrnná výše kapitálových nástrojů, které má povinná osoba v aktivech a které jsou vlastním kapitálem těchto osob, v členění podle osob v tis. Kč) | S45: Souhrnná výše závazků povinné osoby z těchto kapitálových nástrojů, v členění podle osob (v tis. Kč)e | T45: Souhrnná výše povinnou osobou vydaných záruk za takové osoby, v členění podle osob (v tis. Kč) | U45: Souhrnná výše povinnou osobou přijatých záruk od takových osob, v členění podle osob (v tis. Kč) | V45: Bod 3 písm. b)
N46: Dluhové cenné papírya | O46: Ostatní dluhové nástrojeb | P46: Dluhové cenné papíryc | Q46: Ostatní dluhové nástrojed
A47: 1
A48: 2
A49: 3
A50: …
A51: … | V51: Bod 3 písm. b)
A52: …
A53: …
A54: …
A55: …
A56: …
A57: …
A58: …
A59: …
A60: …
A61: …
A62: …
A63: …
... A79: …
A80: Pozn.: | N80: a tj. dluhové cenné papíry držené povinnou osobou v aktivech a vydané ovládajícími nebo ovládanými osobami, popřípadě osobami, v nichž je povinná osoba většinovým společníkem
N81: b tj. ostatní pohledávky povinné osoby vůči ovládajícím nebo ovládaným osobám, popřípadě osobám, v nichž je povinná osoba většinovým společníkem
N82: c tj. dluhové cenné papíry vydané povinnou osobou a držené ovládajícími nebo ovládanými osobami v aktivech, popřípadě osobami, v nichž je povinná osoba většinovým společníkem
N83: d tj. ostatní závázky povinné osoby vůči ovládajícím nebo ovládaným osobám, popřípadě osobám, v nichž je povinná osoba většinovým společníkem
N84: e tj. závazky z krátkých prodejů
N85: f Grafické znázornění konsolidačního celku, jehož členem je povinná osoba, z hlediska vlastnického uspořádání je znázorněno na listu I. Část 3a

Sheet I. Část 3a
A1: I. Část 3a
A2: Grafické znázornění konsolidačního celku, jehož členem je povinná osoba, z hlediska vlastnického uspořádání
A4: Grafické údaje o struktuře konsolidačního celku, jehož je povinná osoba součástí | D4: Vyhláška č.163/2014 Sb., příloha 10
A6: Informace platné k datu: | C6: =[1]Obsah!C4 -> (30/09/2016)
A7: Grafické znázornění konsolidačního celku, jehož členem je povinná osoba, z hlediska vlastnického uspořádání s vyznačením osob, které jsou zahrnuty do obezřetnostní konsolidace, a uvedením důvodu pro nezahrnutí do obezřetnostní konsolidace u ostatních osob | D7: Bod 3 písm. c)
A8: U daného subjektu stačí uvést příslušné číslo odůvodnění:
A9: 1 - není institucí, finanční institucí, podnikem pomocných služeb nebo společností spravující aktiva podle článku 18 odst. 8 nařízení č. 575/2013/EU
A10: 2 - nezahrnutí subjektu z důvodu jeho velikosti, tj. subjekt splňuje podmínky podle článku 19 odst. 1 nařízení č. 575/2013/EU
A11: 3 - subjekt není zahrnut z důvodů uvedených v článku 19 odst. 2 písm. a) nařízení č. 575/2013/EU
A12: 4 - subjekt není zahrnut z důvodů uvedených v článku 19 odst. 2 písm. b) nařízení č. 575/2013/EU
A13: 5 - subjekt není zahrnut z důvodů uvedených v článku 19 odst. 2 písm. c) nařízení č. 575/2013/EU
I15: SCHÉMA KONSOLIDAČNÍHO CELKU ČSOB K 30.9.2016
I16: z hlediska vlastnického uspořádání a z hlediska řízení
L19: ČSOB Penzijní společnost, a. s., člen skupiny ČSOB
L20: Podíl na ZK přímý: | M20: 1
L21: Podíl na HP: | M21: 1
L23: ČSOB Leasing, a.s. | O23: ČSOB Leasing pojišťovací makléř, s.r.o.
L24: Podíl na ZK přímý: | M24: 1 | N24: Podíl na ZK 100% | O24: Podíl na ZK nepřímý: | P24: 1
L25: Podíl na HP: | M25: 1 | N25: Podíl na HP 100% | O25: Podíl na HP: | P25: 1
L27: ČSOB Factoring, a.s. | N27: 2 | O27: Eurincasso, s.r.o.
L28: Podíl na ZK přímý: | M28: 1 | N28: Podíl na ZK 100% | O28: Podíl na ZK nepřímý: | P28: 1
L29: Podíl na HP: | M29: 1 | N29: Podíl na HP 100% | O29: Podíl na HP: | P29: 1
L31: Centrum Radlická a.s.
L32: Podíl na ZK přímý: | M32: 1
L33: Podíl na HP: | M33: 1
L35: Radlice Rozvojová, a.s.
L36: Podíl na ZK přímý: | M36: 1
L37: Podíl na HP: | M37: 1
L39: Bankovní informační technologie, s.r.o.
L40: Podíl na ZK přímý: | M40: 1
I41: Československá obchodní banka, a. s. | L41: Podíl na HP: | M41: 1
L43: Českomoravská stavební spořitelna, a.s.
L44: Podíl na ZK přímý: | M44: 0.55
L45: Podíl na HP: | M45: 0.55
E47: KBC Group NV | L47: Hypoteční banka, a.s. | N47: 2 | O47: SousedeCZ s.r.o.
L48: Podíl na ZK přímý: | M48: 1 | N48: Podíl na ZK 100% | O48: Podíl na ZK nepřímý: | P48: 1
L49: Podíl na HP: | M49: 1 | N49: Podíl na HP 100% | O49: Podíl na HP: | P49: 1
G50: KBC Bank NV
K51: 1 | L51: Motokov a.s. v likvidaci
K52: Podíl na ZK 0,50% | L52: Podíl na ZK přímý: | M52: 0.005
K53: Podíl na HP 0,50% | L53: Podíl na ZK nepřímý: | M53: 0.6959
L54: Podíl na HP: | M54: 0.7009
F55: 1 | H55: 1 | L55: Podíl na ZK 69,59% | M55: Podíl na HP 69,59%
L56: ČSOB Advisory, a.s.
L57: Podíl na ZK přímý: | M57: 1
L58: Podíl na HP: | M58: 1
L59: Podíl na ZK 14,34% | M59: Podíl na HP 14,34%
K60: 1 | L60: IP Exit, a.s. (v konkursu)
K61: Podíl na ZK 71,29% | L61: Podíl na ZK přímý: | M61: 0.7129
K62: Podíl na HP 71,29% | L62: Podíl na ZK nepřímý: | M62: =0.1434+0.0011*0.0024 -> 0.14340264
L63: Podíl na HP: | M63: 0.8563
L64: Podíl na ZK 0,11% | M64: Podíl na HP 0,00%
K65: 1 | L65: ČSOB Pojišťovna, a.s., člen holdingu ČSOB | N65: 1 | O65: ČSOB Pojišťovací servis, s.r.o., člen holdingu ČSOB
L66: Podíl na ZK přímý: | M66: 0.0024 | N66: Podíl na ZK 100% | O66: Podíl na ZK nepřímý: | P66: 0.0024
L67: Podíl na HP: | M67: 0.4 | N67: Podíl na HP 100% | O67: Podíl na HP: | P67: 0
L68: Podíl na ZK 35,88% | M68: Podíl na HP 0,00%
L69: ČSOB Property fund, a.s.
K70: Podíl na ZK 59,79% | L70: Podíl na ZK přímý: | M70: 0.5979 | N70: 1 | O70: Merrion Properties s.r.o.
K71: Podíl na HP 95,67% | L71: Podíl na ZK nepřímý: | M71: =0.3588*0.0024+0.0433*0.4008 -> 0.01821576 | N71: Podíl na ZK 100% | O71: Podíl na ZK nepřímý: | P71: 0.6161
L72: Podíl na HP: | M72: 0.9567 | N72: Podíl na HP 100% | O72: Podíl na HP: | P72: 1
L73: Podíl na ZK 4,33% | M73: Podíl na HP 4,33%
L74: ČSOB Asset Management, a.s., investiční společnost
L76: Podíl na ZK přímý: | M76: 0.4008
L77: Podíl na HP: | M77: 0.4008
K79: 2 | L79: Tee Square Limited, Ltd.
L80: Podíl na ZK přímý: | M80: 1
L81: Podíl na HP: | M81: 1
K83: 2 | L83: CBCB - Czech Banking Credit Bureau, a.s.
L84: Podíl na ZK přímý: | M84: 0.2
L85: Podíl na HP: | M85: 0.2
K87: 1 | L87: Premiéra TV, a.s.
L88: Podíl na ZK přímý: | M88: 0.29
L89: Podíl na HP: | M89: 0.29
K91: 2 | L91: První certifikační autorita, a.s.
L92: Podíl na ZK přímý: | M92: 0.2325
L93: Podíl na HP: | M93: 0.2325
K95: 1 | L95: ENGIE REN s.r.o. | O95: Patria Finance, a.s.
L96: Podíl na ZK přímý: | M96: 0.4282
L97: Podíl na HP: | M97: 0.4282 | O97: Podíl na ZK nepřímý: | P97: 1
O98: Podíl na HP: | P98: 1
L99: Patria Online, a.s. | N99: Podíl na ZK 100%
L100: Podíl na ZK přímý: | M100: 1 | N100: Podíl na HP 100% | O100: Patria Corporate Finance, a.s.
L101: Podíl na HP: | M101: 1
O102: Podíl na ZK nepřímý: | P102: 1
K103: 2 | L103: Top-Pojištění.cz s.r.o. | O103: Podíl na HP: | P103: 1
L104: Podíl na ZK přímý: | M104: 1
L105: Podíl na HP: | M105: 1 | N105: 2 | O105: Patria investiční společnost, a.s.
O107: Podíl na ZK nepřímý: | P107: 1
K108: Obezřetnostní konsolidace | O108: Podíl na HP: | P108: 1
K111: Poznámky:
K112: Procentní podíly v rámečcích u společností jsou přepočteny z pohledu mateřské společnosti ČSOB.
K114: ZK: základní kapitál (vklad)
K115: HP: hlasovací práva

Sheet I. Část 3b
A1: I. Část 3b
A2: Grafické znázornění konsolidačního celku, jehož členem je povinná osoba, z hlediska řízení
A4: Grafické údaje o struktuře konsolidačního celku, jehož je povinná osoba součástí | D4: Vyhláška č.163/2014 Sb., příloha 10
A6: Informace platné k datu: | C6: =[1]Obsah!C4 -> (30/09/2016)
A7: Grafické znázornění konsolidačního celku, jehož členem je povinná osoba, z hlediska řízení s vyznačením osob, které jsou zahrnuty do obezřetnostní konsolidace, a uvedením důvodu pro nezahrnutí do obezřetnostní konsolidace u ostatních osob | D7: Bod 3 písm. d)
A8: U daného subjektu stačí uvést příslušné číslo odůvodnění:
A9: 1 - není institucí, finanční institucí, podnikem pomocných služeb nebo společností spravující aktiva podle článku 18 odst. 8 nařízení č. 575/2013/EU
A10: 2 - nezahrnutí subjektu z důvodu jeho velikosti, tj. subjekt splňuje podmínky podle článku 19 odst. 1 nařízení č. 575/2013/EU
A11: 3 - subjekt není zahrnut z důvodů uvedených v článku 19 odst. 2 písm. a) nařízení č. 575/2013/EU
A12: 4 - subjekt není zahrnut z důvodů uvedených v článku 19 odst. 2 písm. b) nařízení č. 575/2013/EU
A13: 5 - subjekt není zahrnut z důvodů uvedených v článku 19 odst. 2 písm. c) nařízení č. 575/2013/EU
I15: SCHÉMA KONSOLIDAČNÍHO CELKU ČSOB K 30.9.2016
I16: z hlediska vlastnického uspořádání a z hlediska řízení
L19: ČSOB Penzijní společnost, a. s., člen skupiny ČSOB
L20: Podíl na ZK přímý: | M20: 1
L21: Podíl na HP: | M21: 1
L23: ČSOB Leasing, a.s. | O23: ČSOB Leasing pojišťovací makléř, s.r.o.
L24: Podíl na ZK přímý: | M24: 1 | N24: Podíl na ZK 100% | O24: Podíl na ZK nepřímý: | P24: 1
L25: Podíl na HP: | M25: 1 | N25: Podíl na HP 100% | O25: Podíl na HP: | P25: 1
L27: ČSOB Factoring, a.s. | N27: 2 | O27: Eurincasso, s.r.o.
L28: Podíl na ZK přímý: | M28: 1 | N28: Podíl na ZK 100% | O28: Podíl na ZK nepřímý: | P28: 1
L29: Podíl na HP: | M29: 1 | N29: Podíl na HP 100% | O29: Podíl na HP: | P29: 1
L31: Centrum Radlická a.s.
L32: Podíl na ZK přímý: | M32: 1
L33: Podíl na HP: | M33: 1
L35: Radlice Rozvojová, a.s.
L36: Podíl na ZK přímý: | M36: 1
L37: Podíl na HP: | M37: 1
L39: Bankovní informační technologie, s.r.o.
L40: Podíl na ZK přímý: | M40: 1
I41: Československá obchodní banka, a. s. | L41: Podíl na HP: | M41: 1
L43: Českomoravská stavební spořitelna, a.s.
L44: Podíl na ZK přímý: | M44: 0.55
L45: Podíl na HP: | M45: 0.55
E47: KBC Group NV | L47: Hypoteční banka, a.s. | N47: 2 | O47: SousedeCZ s.r.o.
L48: Podíl na ZK přímý: | M48: 1 | N48: Podíl na ZK 100% | O48: Podíl na ZK nepřímý: | P48: 1
L49: Podíl na HP: | M49: 1 | N49: Podíl na HP 100% | O49: Podíl na HP: | P49: 1
G50: KBC Bank NV
K51: 1 | L51: Motokov a.s. v likvidaci
K52: Podíl na ZK 0,50% | L52: Podíl na ZK přímý: | M52: 0.005
K53: Podíl na HP 0,50% | L53: Podíl na ZK nepřímý: | M53: 0.6959
L54: Podíl na HP: | M54: 0.7009
F55: 1 | H55: 1 | L55: Podíl na ZK 69,59% | M55: Podíl na HP 69,59%
L56: ČSOB Advisory, a.s.
L57: Podíl na ZK přímý: | M57: 1
L58: Podíl na HP: | M58: 1
L59: Podíl na ZK 14,34% | M59: Podíl na HP 14,34%
K60: 1 | L60: IP Exit, a.s. (v konkursu)
K61: Podíl na ZK 71,29% | L61: Podíl na ZK přímý: | M61: 0.7129
K62: Podíl na HP 71,29% | L62: Podíl na ZK nepřímý: | M62: =0.1434+0.0011*0.0024 -> 0.14340264
L63: Podíl na HP: | M63: 0.8563
L64: Podíl na ZK 0,11% | M64: Podíl na HP 0,00%
K65: 1 | L65: ČSOB Pojišťovna, a.s., člen holdingu ČSOB | N65: 1 | O65: ČSOB Pojišťovací servis, s.r.o., člen holdingu ČSOB
L66: Podíl na ZK přímý: | M66: 0.0024 | N66: Podíl na ZK 100% | O66: Podíl na ZK nepřímý: | P66: 0.0024
L67: Podíl na HP: | M67: 0.4 | N67: Podíl na HP 100% | O67: Podíl na HP: | P67: 0
L68: Podíl na ZK 35,88% | M68: Podíl na HP 0,00%
L69: ČSOB Property fund, a.s.
K70: Podíl na ZK 59,79% | L70: Podíl na ZK přímý: | M70: 0.5979 | N70: 1 | O70: Merrion Properties s.r.o.
K71: Podíl na HP 95,67% | L71: Podíl na ZK nepřímý: | M71: =0.3588*0.0024+0.0433*0.4008 -> 0.01821576 | N71: Podíl na ZK 100% | O71: Podíl na ZK nepřímý: | P71: 0.6161
L72: Podíl na HP: | M72: 0.9567 | N72: Podíl na HP 100% | O72: Podíl na HP: | P72: 1
L73: Podíl na ZK 4,33% | M73: Podíl na HP 4,33%
L74: ČSOB Asset Management, a.s., investiční společnost
L76: Podíl na ZK přímý: | M76: 0.4008
L77: Podíl na HP: | M77: 0.4008
K79: 2 | L79: Tee Square Limited, Ltd.
L80: Podíl na ZK přímý: | M80: 1
L81: Podíl na HP: | M81: 1
K83: 2 | L83: CBCB - Czech Banking Credit Bureau, a.s.
L84: Podíl na ZK přímý: | M84: 0.2
L85: Podíl na HP: | M85: 0.2
K87: 1 | L87: Premiéra TV, a.s.
L88: Podíl na ZK přímý: | M88: 0.29
L89: Podíl na HP: | M89: 0.29
K91: 2 | L91: První certifikační autorita, a.s.
L92: Podíl na ZK přímý: | M92: 0.2325
L93: Podíl na HP: | M93: 0.2325
K95: 1 | L95: ENGIE REN s.r.o. | O95: Patria Finance, a.s.
L96: Podíl na ZK přímý: | M96: 0.4282
L97: Podíl na HP: | M97: 0.4282 | O97: Podíl na ZK nepřímý: | P97: 1
O98: Podíl na HP: | P98: 1
L99: Patria Online, a.s. | N99: Podíl na ZK 100%
L100: Podíl na ZK přímý: | M100: 1 | N100: Podíl na HP 100% | O100: Patria Corporate Finance, a.s.
L101: Podíl na HP: | M101: 1
O102: Podíl na ZK nepřímý: | P102: 1
O103: Podíl na HP: | P103: 1
K104: 2 | L104: Top-Pojištění.cz s.r.o.
L105: Podíl na ZK přímý: | M105: 1 | N105: 2 | O105: Patria investiční společnost, a.s.
L106: Podíl na HP: | M106: 1
O107: Podíl na ZK nepřímý: | P107: 1
O108: Podíl na HP: | P108: 1
K109: Obezřetnostní konsolidace
K112: Poznámky:
K113: Procentní podíly v rámečcích u společností jsou přepočteny z pohledu mateřské společnosti ČSOB.
K115: ZK: základní kapitál (vklad)
K116: HP: hlasovací práva

Sheet I. Část 4
A1: I. Část 4
A2: Údaje o činnosti povinné osoby
A4: Údaje o činnosti povinné osoby
A5: Vyhláška č.163/2014 Sb., příloha 10
A6: Informace platné k datu: | C6: =Obsah!C4 -> (30/09/2016)
A7: číslo řádku | B7: Bod 4 písm. a) | C7: Bod 4 písm. b) | D7: Bod 4 písm. c)
B8: Předmět podnikání (činnosti) zapsaný v obchodním rejstříku | C8: Přehled činností skutečně vykonávaných podle licence udělené Českou národní bankou | D8: Přehled činností, jejichž vykonávání nebo poskytování bylo Českou národní bankou omezeno nebo vyloučeno
A9: 1 | B9: Přijímání vkladů od veřejnosti | C9: Přijímání vkladů od veřejnosti - provádí
A10: 2 | B10: Poskytování úvěrů | C10: Poskytování úvěrů - provádí
A11: 3 | B11: Investování do cenných papírů na vlastní účet | C11: Investování do cenných papírů na vlastní účet - provádí
A12: 4 | B12: Finanční pronájem (finanční leasing) | C12: Finanční pronájem (finanční leasing)
A13: 5 | B13: Platební styk a zúčtování v rozsahu platební styk a zúčtování v tuzemsku | C13: Platební styk, zúčtování v tuzemsku - provádí
A14: 6 | B14: Vydávání a správa platebních prostředků | C14: Vydávání a správa platebních prostředků
A15: 7 | B15: Poskytování záruk | C15: Poskytování záruk
A16: 8 | B16: Otvírání akreditivů | C16: Otevírání akreditivů
A17: 9 | B17: Obstarávání inkasa | C17: Obstarávání inkasa
A18: 10 | B18: Poskytování investičních služeb podle zvláštního právního předpisu zahrnující doplňkovou investiční službu podle § 8 odst. 3 písm. d) zákona č. 591/1992 Sb., o cenných papírech, ve znění pozdějších předpisů (dále jen zákon o cenných papírech), poradenská činnosti týkající se struktury kapitálu, průmyslové strategie a s tím souvisejících otázek, jakož i poskytování porad a služeb týkajících se fúzí a koupí podniků | C18: Poskytování investičních služeb
A19: 11 | B19: Vydávání hypotečních zástavních listů | C19: Vydávání hypotečních zástavních listů - provádí
A20: 12 | B20: Finanční makléřství | C20: Finanční makléřství
... A24: 16 | B24: Pronájem bezpečnostních schránek | C24: Pronájem bezpečnostních schránek
A25: 17 | B25: Činnosti, které přímo souvisejí s činnostmi uvedenými v řádcích č. 1 - 16
A26: 18
A27: …

Sheet I. Část 5
A1: I. Část 5
A2: Údaje o finanční situaci povinné osoby
A4: Údaje o finanční situaci povinné osoby | H4: Vyhláška č.163/2014 Sb., příloha 10
A6: Informace platné k datu: | D6: =Obsah!C4 -> (30/09/2016)
A7: (v tis. Kč / v %) | D7: K ultimu vykazovaného období | E7: K ultimu vykazovaného období | F7: K ultimu 1. předcházejícího období | G7: K ultimu 2. předcházejícího období
D8: (3Q/2016) | E8: (2Q/2016) | F8: (1Q/2016) | G8: (4Q/2015)
A9: Souhrnná výše pohledávek povinné osoby, která je bankou nebo spořitelním a úvěrním družstvem, z finančních činností, u nichž byla během účetního období provedena restrukturalizace (součet zůstatků účtů pohledávek k vykazovanému datu, a to pohledávek, u nichž byla během účetního období provedena restrukturalizace); pohledávky jsou uváděny bez opravných položek | C9: Pohledávky oceňované naběhlou hodnotou | D9: 2381784.9 | E9: 2456663.5 | F9: 2475138 | G9: 2494539 | H9: Bod 5 písm. e)
C10: Pohledávky oceňované reálnou hodnotou | D10: x | E10: x | F10: x | G10: x
A11: Kapitálové poměry | B11: Kapitálový poměr pro kmenový kapitál tier 1 | D11: 33.65 | E11: 34.03 | F11: 38.47 | G11: 36.062219 | H11: Bod 5 písm. g)
B12: Kapitálový poměr pro kapitál tier 1 | D12: 33.65 | E12: 34.03 | F12: 38.47 | G12: 36.062219
B13: Kapitálový poměr pro celkový kapitál | D13: 34.2 | E13: 34.58 | F13: 39.02 | G13: 36.60963
A14: Poměrové ukazatele povinné osoby, která je bankou nebo spořitelním a úvěrním družstvem | B14: Rentabilita průměrných aktiv (ROAA) | D14: 1.28 | E14: 1.29 | F14: 1.21 | G14: 1.3 | H14: Bod 5 písm. h)
B15: Rentabilita průměrného kapitálu tier 1 (ROAE) | D15: 10.45 | E15: 10.32 | F15: 9.47 | G15: 10.79
B16: Aktiva na jednoho pracovníka | D16: 462448 | E16: 451550.61 | F16: 440511 | G16: 434182
B17: Správní náklady na jednoho pracovníka | D17: 1853 | E17: 2067.5307 | F17: 2626 | G17: 1521
B18: Zisk nebo ztráta po zdanění na jednoho pracovníka | D18: 5711 | E18: 5659.9242 | F18: 5263 | G18: 5496
A19: Poměrové ukazatele povinné osoby, která je obchodníkem s cennými papíry | B19: Zadluženost I (celkový dluh bez majetku klientů/aktiva bez majetku klientů) | H19: Bod 5 písm. i)
B20: Zadluženost II (celkový dluh bez majetku klientů/vlastní kapitál)
B21: Rentabilita průměrných aktiv (ROAA, aktiva bez majetku klientů)
B22: Rentabilita průměrného kapitálu tier 1 (ROAE)
B23: Rentabilita tržeb (zisk po zdanění/výnosy z investičních služeb)
B24: Správní náklady na jednoho pracovníka

Sheet I. Část 5a
A1: I. Část 5a
A2: Údaje o finanční situaci povinné osoby - deriváty
A4: Údaje o finanční situaci povinné osoby - deriváty | J4: Vyhláška č.163/2014 Sb., příloha 10
A6: Informace platné k datu: | B6: =Obsah!C4 -> (30/09/2016)
A7: Reálné a jmenovité hodnoty derivátů (v tis. Kč) - aktiva | B7: K ultimu vykazovaného období | D7: K ultimu vykazovaného období | F7: K ultimu 1. předcházejícího období | H7: K ultimu 2. předcházejícího období | J7: Bod 5 písm. f)
B8: (3Q/2016) | D8: ='I. Část 5'!E8 -> (2Q/2016) | F8: ='I. Část 5'!F8 -> (1Q/2016) | H8: ='I. Část 5'!G8 -> (4Q/2015)
B9: Jmenovitá hodnota | C9: Reálná hodnota | D9: Jmenovitá hodnota | E9: Reálná hodnota | F9: Jmenovitá hodnota | G9: Reálná hodnota | H9: Jmenovitá hodnota | I9: Reálná hodnota
A10: Dělení derivátů dle účelu
A11: Souhrnně za deriváty sjednané za účelem zajišťování | B11: 54100000 | C11: 5845.564 | D11: 43350000 | E11: 2951.383 | F11: 32600000 | G11: 11028.071 | H11: 26400000 | I11: 25549
A12: Souhrnně za deriváty sjednané za účelem obchodování nebo spekulace | B12: 0 | C12: 0 | D12: 0 | E12: 0 | F12: 0 | G12: 0 | H12: 0 | I12: 0
A13: Dělení derivátů dle účetního hlediska
A14: Souhrnně za deriváty, u nichž povinná osoba uplatňuje zajišťovací účetnictví | B14: 54100000 | C14: 5845.564 | D14: 43350000 | E14: 2951.383 | F14: 32600000 | G14: 11028.071 | H14: 26400000 | I14: 25549
A15: Souhrnně za deriváty ostatní | B15: 0 | C15: 0 | D15: 0 | E15: 0 | F15: 0 | G15: 0 | H15: 0 | I15: 0
A16: Reálné a jmenovité hodnoty derivátů (v tis. Kč) - pasiva | B16: K ultimu vykazovaného období | D16: K ultimu vykazovaného období | F16: K ultimu 1. předcházejícího období | H16: K ultimu 2. předcházejícího období | J16: Bod 5 písm. f)
B17: (3Q/2016) | D17: =D8 -> (2Q/2016) | F17: =F8 -> (1Q/2016) | H17: =H8 -> (4Q/2015)
B18: Jmenovitá hodnota | C18: Reálná hodnota | D18: Jmenovitá hodnota | E18: Reálná hodnota | F18: Jmenovitá hodnota | G18: Reálná hodnota | H18: Jmenovitá hodnota | I18: Reálná hodnota
A19: Dělení derivátů dle účelu
A20: Souhrnně za deriváty sjednané za účelem zajišťování | B20: 54100000 | C20: 368615.99 | D20: 43350000 | E20: 422152.5 | F20: 32600000 | G20: 348596.01 | H20: 26400000 | I20: 213359
A21: Souhrnně za deriváty sjednané za účelem obchodování nebo spekulace | B21: 0 | C21: 0 | D21: 0 | E21: 0 | F21: 0 | G21: 0 | H21: 0 | I21: 0
A22: Dělení derivátů dle účetního hlediska
A23: Souhrnně za deriváty, u nichž povinná osoba uplatňuje zajišťovací účetnictví | B23: 54100000 | C23: 368615.99 | D23: 43350000 | E23: 422152.5 | F23: 32600000 | G23: 348596.01 | H23: 26400000 | I23: 213359
A24: Souhrnně za deriváty ostatní | B24: 0 | C24: 0 | D24: 0 | E24: 0 | F24: 0 | G24: 0 | H24: 0 | I24: 0

Sheet I. Část 5b
A1: I. Část 5b
A2: Údaje o finanční situaci povinné osoby - informace povinné osoby, která je bankou nebo spořitelním a úvěrním družstvem o pohledávkách
A4: Údaje o finanční situaci povinné osoby - informace povinné osoby, která je bankou nebo spořitelním a úvěrním družstvem o pohledávkách | Z4: Vyhláška č.163/2014 Sb., příloha 10
A6: Informace platné k datu: | F6: =Obsah!C4 -> (30/09/2016)
A7: Pohledávky z finančních činností bez selhání a se selháním (v tis. Kč) | B7: K ultimu vykazovaného období | H7: K ultimu vykazovaného období | N7: K ultimu 1. předcházejícího období | T7: K ultimu 2. předcházejícího období | Z7: Bod 5 písm. c)
B8: (3Q/2016) | H8: (2Q/2016) | N8: (1Q/2016) | T8: (4Q/2015)
B9: Hodnota před znehodnocením | C9: Účetní hodnota (netto) | D9: Opravné položky k jednotlivým pohledávkám | E9: Opravné položky k port. pohled. jednotlivě bez znehodnocení | F9: Opravné položky k portfoliu jednotlivě nevýznam. pohledávek | G9: Kumulovaná ztráta z ocenění reálnou hodnotou | H9: Hodnota před znehodnocením | I9: Účetní hodnota (netto) | J9: Opravné položky k jednotlivým pohledávkám | K9: Opravné položky k port. pohled. jednotlivě bez znehodnocení | L9: Opravné položky k portfoliu jednotlivě nevýznam. pohledávek | M9: Kumulovaná ztráta z ocenění reálnou hodnotou | N9: Hodnota před znehodnocením | O9: Účetní hodnota (netto) | P9: Opravné položky k jednotlivým pohledávkám | Q9: Opravné položky k port. pohled. jednotlivě bez znehodnocení | R9: Opravné položky k portfoliu jednotlivě nevýznam. pohledávek | S9: Kumulovaná ztráta z ocenění reálnou hodnotou | T9: Hodnota před znehodnocením | U9: Účetní hodnota (netto) | V9: Opravné položky k jednotlivým pohledávkám | W9: Opravné položky k port. pohled. jednotlivě bez znehodnocení | X9: Opravné položky k portfoliu jednotlivě nevýznam. pohledávek | Y9: Kumulovaná ztrata z oceneni realnou hodnotou
A11: Pohledávky z finančních činností celkem | B11: 258213865 | C11: 255511393 | D11: 0 | E11: 308425 | F11: 2394047 | G11: 0 | H11: 252183094 | I11: 249409885 | J11: 0 | K11: 312467 | L11: 2460742 | M11: 0 | N11: 245881062 | O11: 242917720 | P11: 0 | Q11: 324045 | R11: 2639297 | S11: 0 | T11: 238085596 | U11: 234962079 | V11: 0 | W11: 330184.66 | X11: 2793332 | Y11: 0
A12: Pohledávky za úvěrovými institucemi | B12: 8039142.9 | C12: 8039142.9 | D12: 0 | E12: 0 | F12: 0 | G12: 0 | H12: 8801952 | I12: 8801952 | J12: 0 | K12: 0 | L12: 0 | M12: 0 | N12: 9317046.4 | O12: 9317046.4 | P12: 0 | Q12: 0 | R12: 0 | S12: 0 | T12: 6621703.8 | U12: 6621703.8 | V12: 0 | W12: 0 | X12: 0 | Y12: 0
A13: Pohledávky za úvěrovými institucemi bez selhání | B13: 8039142.9 | C13: 8039142.9 | D13: 0 | E13: 0 | F13: 0 | G13: 0 | H13: 8801952 | I13: 8801952 | J13: 0 | K13: 0 | L13: 0 | M13: 0 | N13: 9317046.4 | O13: 9317046.4 | P13: 0 | Q13: 0 | R13: 0 | S13: 0 | T13: 6621703.8 | U13: 6621703.8 | V13: 0 | W13: 0 | X13: 0 | Y13: 0
A14: Standardní pohledávky za úvěrovými institucemi | B14: 8039142.9 | C14: 8039142.9 | D14: 0 | E14: 0 | F14: 0 | G14: 0 | H14: 8801952 | I14: 8801952 | J14: 0 | K14: 0 | L14: 0 | M14: 0 | N14: 9317046.4 | O14: 9317046.4 | P14: 0 | Q14: 0 | R14: 0 | S14: 0 | T14: 6621703.8 | U14: 6621703.8 | V14: 0 | W14: 0 | X14: 0 | Y14: 0
A15: Sledované pohledávky za úvěrovými institucemi | B15: 0 | C15: 0 | D15: 0 | E15: 0 | F15: 0 | G15: 0 | H15: 0 | I15: 0 | J15: 0 | K15: 0 | L15: 0 | M15: 0 | N15: 0 | O15: 0 | P15: 0 | Q15: 0 | R15: 0 | S15: 0 | T15: 0 | U15: 0 | V15: 0 | W15: 0 | X15: 0 | Y15: 0
A16: Pohledávky za úvěrovými institucemi se selháním | B16: 0 | C16: 0 | D16: 0 | E16: 0 | F16: 0 | G16: 0 | H16: 0 | I16: 0 | J16: 0 | K16: 0 | L16: 0 | M16: 0 | N16: 0 | O16: 0 | P16: 0 | Q16: 0 | R16: 0 | S16: 0 | T16: 0 | U16: 0 | V16: 0 | W16: 0 | X16: 0 | Y16: 0
A17: Nestandardní pohledávky za úvěrovými institucemi | B17: 0 | C17: 0 | D17: 0 | E17: 0 | F17: 0 | G17: 0 | H17: 0 | I17: 0 | J17: 0 | K17: 0 | L17: 0 | M17: 0 | N17: 0 | O17: 0 | P17: 0 | Q17: 0 | R17: 0 | S17: 0 | T17: 0 | U17: 0 | V17: 0 | W17: 0 | X17: 0 | Y17: 0
A18: Pochybné pohledávky za úvěrovými institucemi | B18: 0 | C18: 0 | D18: 0 | E18: 0 | F18: 0 | G18: 0 | H18: 0 | I18: 0 | J18: 0 | K18: 0 | L18: 0 | M18: 0 | N18: 0 | O18: 0 | P18: 0 | Q18: 0 | R18: 0 | S18: 0 | T18: 0 | U18: 0 | V18: 0 | W18: 0 | X18: 0 | Y18: 0
A19: Ztrátové pohledávky za úvěrovými institucemi | B19: 0 | C19: 0 | D19: 0 | E19: 0 | F19: 0 | G19: 0 | H19: 0 | I19: 0 | J19: 0 | K19: 0 | L19: 0 | M19: 0 | N19: 0 | O19: 0 | P19: 0 | Q19: 0 | R19: 0 | S19: 0 | T19: 0 | U19: 0 | V19: 0 | W19: 0 | X19: 0 | Y19: 0
A20: Pohledávky za jinými osobami než úvěr.institucemi | B20: 250174722 | C20: 247472250 | D20: 0 | E20: 308424.9 | F20: 2394047 | G20: 0 | H20: 2.4338114e+08 | I20: 2.4060793e+08 | J20: 0 | K20: 312467.16 | L20: 2460742 | M20: 0 | N20: 2.3656402e+08 | O20: 2.3360067e+08 | P20: 0 | Q20: 324045 | R20: 2639297 | S20: 0 | T20: 231463892 | U20: 228340375 | V20: 0 | W20: 330184.66 | X20: 2793332 | Y20: 0
A21: Pohledávky za j. osobami než úvěr.institucemi bez selhání | B21: 243888285 | C21: 243579860 | D21: 0 | E21: 308424.9 | F21: 0 | G21: 0 | H21: 236871135 | I21: 236558668 | J21: 0 | K21: 312467.16 | L21: 0 | M21: 0 | N21: 229693208 | O21: 229369163 | P21: 0 | Q21: 324045 | R21: 0 | S21: 0 | T21: 224263836 | U21: 223933651 | V21: 0 | W21: 330184.66 | X21: 0 | Y21: 0
A22: Standardní pohledávky za jinými osobami než úvěr.institucemi | B22: 2.4154481e+08 | C22: 2.4154481e+08 | D22: 0 | E22: 0 | F22: 0 | G22: 0 | H22: 2.3459517e+08 | I22: 2.3459517e+08 | J22: 0 | K22: 0 | L22: 0 | M22: 0 | N22: 2.2694814e+08 | O22: 2.2694814e+08 | P22: 0 | Q22: 0 | R22: 0 | S22: 0 | T22: 2.2167033e+08 | U22: 2.2167033e+08 | V22: 0 | W22: 0 | X22: 0 | Y22: 0
... A27: Ztrátové pohledávky za jinými osobami než úvěr.institucemi | B27: 4563714.9 | C27: 2381317.7 | D27: 0 | E27: 0 | F27: 2182397.2 | G27: 0 | H27: 4759590.1 | I27: 2502228.1 | J27: 0 | K27: 0 | L27: 2257362 | M27: 0 | N27: 5114941.5 | O27: 2702008.6 | P27: 0 | Q27: 0 | R27: 2412933.1 | S27: 0 | T27: 5402645.2 | U27: 2844456.7 | V27: 0 | W27: 0 | X27: 2558188.5 | Y27: 0
A28: Pohledávky z finančních činností bez znehodnocení a se znehodnocením (v tis. Kč) | B28: K ultimu vykazovaného období | H28: K ultimu vykazovaného období | N28: K ultimu 1. předcházejícího období | T28: K ultimu 2. předcházejícího období | Z28: Bod 5 písm. d)
B29: (3Q/2016) | H29: (2Q/2016) | N29: (1Q/2016) | T29: (4Q/2015)
B30: Hodnota před znehodnocením | C30: Účetní hodnota (netto) | D30: Opravné položky k jednotlivým pohledávkám | E30: Opravné položky k port. pohled. jednotlivě bez znehodnocení | F30: Opravné položky k portfoliu jednotlivě nevýznam. pohledávek | G30: Kumulovaná ztrata z oceneni realnou hodnotou | H30: Hodnota před znehodnocením | I30: Účetní hodnota (netto) | J30: Opravné položky k jednotlivým pohledávkám | K30: Opravné položky k port. pohled. jednotlivě bez znehodnocení | L30: Opravné položky k portfoliu jednotlivě nevýznam. pohledávek | M30: Kumulovaná ztráta z ocenění reálnou hodnotou | N30: Hodnota před znehodnocením | O30: Účetní hodnota (netto) | P30: Opravné položky k jednotlivým pohledávkám | Q30: Opravné položky k port. pohled. jednotlivě bez znehodnocení | R30: Opravné položky k portfoliu jednotlivě nevýznam. pohledávek | S30: Kumulovaná ztráta z ocenění reálnou hodnotou | T30: Hodnota před znehodnocením | U30: Účetní hodnota (netto) | V30: Opravné položky k jednotlivým pohledávkám | W30: Opravné položky k port. pohled. jednotlivě bez znehodnocení | X30: Opravné položky k portfoliu jednotlivě nevýznam. pohledávek | Y30: Kumulovaná ztrata z oceneni realnou hodnotou
A32: Pohledávky bez znehodnocení | B32: 249583954 | C32: 249583954 | D32: 0 | E32: 0 | F32: 0 | G32: 0 | H32: 243397118 | I32: 243397118 | J32: 0 | K32: 0 | L32: 0 | M32: 0 | N32: 236265185 | O32: 236265185 | P32: 0 | Q32: 0 | R32: 0 | S32: 0 | T32: 228292038 | U32: 228292038 | V32: 0 | W32: 0 | X32: 0 | Y32: 0
A33: Pohledávky se znehodnocením | B33: 8629911 | C33: 5927439 | D33: 0 | E33: 308425 | F33: 2394047 | G33: 0 | H33: 8785976 | I33: 6012767 | J33: 0 | K33: 312467 | L33: 2460742 | M33: 0 | N33: 9615877 | O33: 6652535 | P33: 0 | Q33: 324045 | R33: 2639297 | S33: 0 | T33: 9793558 | U33: 6670041 | V33: 0 | W33: 330184.66 | X33: 2793332 | Y33: 0

Sheet I. Část 6
A1: I. Část 6 | B1: Prováděcí nařízení Komise (EU) č. 680/2014 ze dne 16. dubna 2014, kterým se stanoví prováděcí technické normy, pokud jde o podávání zpráv institucí pro účely dohledu podle nařízení Evropského parlamentu a Rady (EU) č.575/2013
A2: Rozvaha povinné osoby podle výkazů předkládaných České národní bance
A4: Údaje o finanční situaci povinné osoby | H4: Vyhláška č. 163/2014 Sb., příloha 10
A6: Informace platné k datu: | D6: =Obsah!C4 -> (30/09/2016)
A7: Čtvrtletní rozvaha povinné osoby (v tis.Kč) | D7: K ultimu vykazovaného období | E7: K ultimu 1. předcházejícího období | F7: K ultimu 2. předcházejícího období | G7: K ultimu 3. předcházejícího období | H7: Bod 5 písm. a) | I7: Informace zveřejňované nad rámec vyhlášky ČNB č. 163/2014 za oblast úvěrů a vkladů - členění podle protistran
D8: (3Q/2016) | E8: (2Q/2016) | F8: (1Q/2016) | G8: (4Q/2015) | I8: (Standard ČBA č. 31)
A9: Aktiva celkem | D9: 2.5619634e+08 | E9: 2.5015904e+08 | F9: 2.4360262e+08 | G9: 2.3619526e+08 | I9: 42643
A10: Pokladní hotovost, hotovost u centrálních bank a ostatní vklady splatné na požádání | D10: 930608.65 | E10: 983196.62 | F10: 1616404 | G10: 691111.38 | I10: (v tis. Kč)
A11: Pokladní hotovost | D11: 0 | E11: 0 | F11: 0 | G11: 0 | J11: Centrální banky (rezidenti a nerezidenti) | K11: Vládní instituce (rezid. a nerezid) a ostat. mez. instituce | L11: Úvěrové instituce (rezid. a nerezidenti) a mez. rozv. banky | M11: Ostatní finanční instituce bez nez. ist. sloužící domácnostem | N11: Nefinanční podniky (rezidenti a nerezidenti) | O11: Domácnosti, SVJ a neziskové instituce sloužící domácnostem (Rez. | P11: Celkem
A12: Hotovost u centrálních bank | D12: 28256.633 | E12: 19922.503 | F12: 43765.352 | G12: 688188.4 | I12: Úvěry a pohledávky celkem | J12: 28256.633 | K12: 276568.44 | L12: 8039142.9 | M12: 0 | N12: 516838.09 | O12: 2.4674067e+08 | P12: 255601472
A13: Ostatní vklady splatné na požádání | D13: 902352.02 | E13: 963274.12 | F13: 1572638.7 | G13: 2922.976 | I13: Vklady celkem | J13: 0 | K13: 88553.159 | L13: 46994.756 | M13: 0 | N13: 8315.171 | O13: 327514.13 | P13: 471377
A14: Finanční aktiva k obchodování | D14: 0 | E14: 0 | F14: 0 | G14: 0
A15: Deriváty k obchodování | D15: 0 | E15: 0 | F15: 0 | G15: 0 | I15: 42551
A16: Kapitálové nástroje k obchodování | D16: 0 | E16: 0 | F16: 0 | G16: 0 | I16: (v tis. Kč)
A17: Dluhové cenné papíry k obchodování | D17: 0 | E17: 0 | F17: 0 | G17: 0 | J17: Centrální banky (rezidenti a nerezidenti) | K17: Vládní instituce (rezid. a nerezid) a ostat. mez. instituce | L17: Úvěrové instituce (rezid. a nerezidenti) a mez. rozv. banky | M17: Ostatní finanční instituce bez nez. ist. sloužící domácnostem | N17: Nefinanční podniky (rezidenti a nerezidenti) | O17: Domácnosti, SVJ a neziskové instituce sloužící domácnostem (Rez. | P17: Celkem
A18: Úvěry a pohledávky k obchodování | D18: 0 | E18: 0 | F18: 0 | G18: 0 | I18: Úvěry a pohledávky celkem | J18: 19922.504 | K18: 293784.87 | L18: 8801952 | M18: 0 | N18: 549175.2 | O18: 2.3982602e+08 | P18: 2.4949085e+08
A19: Finanční aktiva v reálné hodnotě vykázané do zisku nebo ztráty | D19: 0 | E19: 0 | F19: 0 | G19: 0 | I19: Vklady celkem | J19: 0 | K19: 124574.65 | L19: 184359.04 | M19: 0 | N19: 8077.402 | O19: 330455.61 | P19: 647466.7
A20: Kapitálové nástroje v reálné hodnotě vykázané do zisku nebo ztráty | D20: 0 | E20: 0 | F20: 0 | G20: 0
A21: Dluhové cenné papíry v reálné hodnotě vykázané do zisku nebo ztráty | D21: 0 | E21: 0 | F21: 0 | G21: 0
A22: Úvěry a pohledávky v reálné hodnotě vykázané do zisku nebo ztráty | D22: 0 | E22: 0 | F22: 0 | G22: 0 | I22: 42460
A23: Realizovatelná finanční aktiva | D23: 0 | E23: 0 | F23: 0 | G23: 0 | I23: (v tis. Kč)
A24: Kapitálové nástroje realizovatelné | D24: 0 | E24: 0 | F24: 0 | G24: 0 | J24: Centrální banky (rezidenti a nerezidenti) | K24: Vládní instituce (rezid. a nerezid) a ostat. mez. instituce | L24: Úvěrové instituce (rezid. a nerezidenti) a mez. rozv. banky | M24: Ostatní finanční instituce bez nez. ist. sloužící domácnostem | N24: Nefinanční podniky (rezidenti a nerezidenti) | O24: Domácnosti, SVJ a neziskové instituce sloužící domácnostem (Rez. | P24: Celkem
A25: Dluhové cenné papíry realizovatelné | D25: 0 | E25: 0 | F25: 0 | G25: 0 | I25: Úvěry a pohledávky celkem | J25: 43765.352 | K25: 315957.51 | L25: 9317046.5 | M25: 0 | N25: 578113.41 | O25: 2.3277044e+08 | P25: 243025320
A26: Úvěry a pohledávky realizovatelné | D26: 0 | E26: 0 | F26: 0 | G26: 0 | I26: Vklady celkem | J26: 0 | K26: 110676.07 | L26: 2755.525 | M26: 0 | N26: 7622.196 | O26: 326198.82 | P26: 447252.51
A27: Úvěry a jiné pohledávky | D27: 2.5467086e+08 | E27: 2.4850766e+08 | F27: 2.4140892e+08 | G27: 2.3502641e+08
A28: Dluhové cenné papíry neobchodovatelné | D28: 0 | E28: 0 | F28: 0 | G28: 0
A29: Úvěry a pohledávky | D29: 2.5467086e+08 | E29: 2.4850766e+08 | F29: 2.4140892e+08 | G29: 2.3502641e+08 | I29: 42369
A30: Finanční investice držené do splatnosti | D30: 0 | E30: 0 | F30: 0 | G30: 0 | I30: (v tis. Kč)
A31: Dluhové cenné papíry držené do splatnosti | D31: 0 | E31: 0 | F31: 0 | G31: 0 | J31: Centrální banky (rezidenti a nerezidenti) | K31: Vládní instituce (rezid. a nerezid) a ostat. mez. instituce | L31: Úvěrové instituce (rezid. a nerezidenti) a mez. rozv. banky | M31: Ostatní finanční instituce bez nez. ist. sloužící domácnostem | N31: Nefinanční podniky (rezidenti a nerezidenti) | O31: Domácnosti, SVJ a neziskové instituce sloužící domácnostem (Rez. | P31: Celkem
A32: Úvěry a pohledávky držené do splatnosti | D32: 0 | E32: 0 | F32: 0 | G32: 0 | I32: Úvěry a pohledávky celkem | J32: 688188.4 | K32: 335458.32 | L32: 6621703.8 | M32: 0 | N32: 620256.57 | O32: 2.2745192e+08 | P32: 235717524
A33: Zajišťovací deriváty | D33: 5845.564 | E33: 2951.383 | F33: 11028.071 | G33: 25549.061 | I33: Vklady celkem | J33: 0 | K33: 96235.499 | L33: 220001.22 | M33: 0 | N33: 10217.834 | O33: 345950.55 | P33: 672405.11
A34: Kladné změny reálné hodnoty portfolia zajišťovaných nástrojů | D34: 218200.56 | E34: 289463 | F34: 199736.24 | G34: 123931.05
A35: Účasti v dceřiných, společných a přidružených podnicích | D35: 14045 | E35: 14045 | F35: 10045 | G35: 0
A36: Hmotný majetek | D36: 84055.061 | E36: 82200.908 | F36: 77661.079 | G36: 80682.399
A37: Pozemky, budovy a zařízení | D37: 84055.061 | E37: 82200.908 | F37: 77661.079 | G37: 80682.399
A38: Investiční nemovitosti | D38: 0 | E38: 0 | F38: 0 | G38: 0
A39: Nehmotný majetek | D39: 182453.04 | E39: 167654.99 | F39: 151807.78 | G39: 146796.58
A40: Goodwill | D40: 0 | E40: 0 | F40: 0 | G40: 0
A41: Ostatní nehmotný majetek | D41: 182453.04 | E41: 167654.99 | F41: 151807.78 | G41: 146796.58
A42: Daňové pohledávky | D42: 10332.37 | E42: 42394.34 | F42: 13848.867 | G42: 25978.137
A43: Pohledávky ze splatné daně | D43: 10332.37 | E43: 42394.34 | F43: 13848.867 | G43: 25978.137
A44: Pohledávky z odložené daně | D44: 0 | E44: 0 | F44: 0 | G44: 0
A45: Ostatní aktiva | D45: 79932.855 | E45: 69473.923 | F45: 113169.95 | G45: 74794.41
A46: Neoběžná aktiva a vyřazované skupiny určené k prodeji | D46: 0 | E46: 0 | F46: 0 | G46: 0
A47: Závazky a vlastní kapitál v základním členění | D47: K ultimu vykazovaného období | E47: K ultimu 1. předcházejícího období | F47: K ultimu 2. předcházejícího období | G47: K ultimu 3. předcházejícího období
A48: Závazky a vlastní kapitál celkem | D48: 2.5619634e+08 | E48: 2.5015904e+08 | F48: 2.4360262e+08 | G48: 2.3619526e+08
A49: Závazky celkem | D49: 2.228552e+08 | E49: 2.1798728e+08 | F49: 2.0926587e+08 | G49: 2.0254829e+08
A50: Finanční závazky k obchodování | D50: 0 | E50: 0 | F50: 0 | G50: 0
A51: Deriváty k obchodování | D51: 0 | E51: 0 | F51: 0 | G51: 0
A52: Závazky z krátkých prodejů | D52: 0 | E52: 0 | F52: 0 | G52: 0
A53: Vklady k obchodování | D53: 0 | E53: 0 | F53: 0 | G53: 0
A54: Emitované dluhové CP k obchodování | D54: 0 | E54: 0 | F54: 0 | G54: 0
A55: Ostatní finanční závazky k obchodování | D55: 0 | E55: 0 | F55: 0 | G55: 0
A56: Finanční závazky v reálné hodnotě vykázané do zisku nebo ztráty | D56: 0 | E56: 0 | F56: 0 | G56: 0
A57: Vklady v reálné hodnotě vykázané do zisku nebo ztráty | D57: 0 | E57: 0 | F57: 0 | G57: 0
A58: Emitované dluhové CP v reálné hodnotě vykázané do zisku nebo ztráty | D58: 0 | E58: 0 | F58: 0 | G58: 0
A59: Ostatní fin.závazky v reálné hodnotě vykázané do zisku nebo ztráty | D59: 0 | E59: 0 | F59: 0 | G59: 0
... A112: Ostatní menšinové podíly | D112: 0 | E112: 0 | F112: 0 | G112: 0

Sheet I. Část 7
A1: I. Část 7 | C1: Prováděcí nařízení Komise (EU) č. 680/2014 ze dne 16. dubna 2014, kterým se stanoví prováděcí technické normy, pokud jde o podávání zpráv institucí pro účely dohledu podle nařízení Evropského parlamentu a Rady (EU) č.575/2013
A2: Výkaz zisku nebo ztráty povinné osoby podle výkazů předkládaných České národní bance
A4: Údaje o finanční situaci povinné osoby | H4: Vyhláška č.163/2014 Sb., příloha 10
A6: Informace platné k datu: | D6: =Obsah!C4 -> (30/09/2016)
A7: Čtvrtletní výkaz zisku nebo ztráty povinné osoby (v tis.Kč) | D7: K ultimu vykazovaného období | E7: K ultimu 1. předcházejícího období | F7: K ultimu 2. předcházejícího období | G7: K ultimu 3. předcházejícího období | H7: Bod 5 písm. b)
D8: (3Q/2016) | E8: (2Q/2016) | F8: (1Q/2016) | G8: (4Q/2015)
A9: Úrokové výnosy | D9: 5448858.6 | E9: 3655253.1 | F9: 1853881.2 | G9: 7626104
A10: Úroky z finančních aktiv k obchodování | D10: 0 | E10: 0 | F10: 0 | G10: 0
A11: Úroky z finančních aktiv v reálné hodnotě vykázané do zisku nebo ztráty | D11: 0 | E11: 0 | F11: 0 | G11: 0
A12: Úroky z realizovatelných finančních aktiv | D12: 0 | E12: 0 | F12: 0 | G12: 0
A13: Úroky z úvěrů a jiných pohledávek | D13: 5448858.6 | E13: 3655253.1 | F13: 1853881.2 | G13: 7622423.4
A14: Úroky z finančních investic držených do splatnosti | D14: 0 | E14: 0 | F14: 0 | G14: 0
A15: Zisk ze zajišťovacích úrokových derivátů | D15: 0 | E15: 0 | F15: 0 | G15: 3680.583
A16: Úroky z ostatních aktiv | D16: 0 | E16: 0 | F16: 0 | G16: 0
A17: Úrokové náklady | D17: 2023368.6 | E17: 1343928.2 | F17: 666262.53 | G17: 3199383.7
A18: Úroky na finanční závazky k obchodování | D18: 0 | E18: 0 | F18: 0 | G18: 0
A19: Úroky na finanční závazky v reálné hodnotě vykázané do zisku nebo ztráty | D19: 0 | E19: 0 | F19: 0 | G19: 0
A20: Úroky na finanční závazky v naběhlé hodnotě | D20: 1955163.1 | E20: 1301170.6 | F20: 646444.25 | G20: 3132448.6
... A77: Zisk nebo (-) ztráta mateřského podniku bez menšinových podílů | D77: 0 | E77: 0 | F77: 0 | G77: 0

Sheet II. Část 1
A1: II. Část 1
A2: Obsah údajů o majetkoprávních vztazích mezi členy konsolidačního celku a řídicím a kontrolním systému I
A3: Tuto část uveřejňují pouze povinné osoby, kterým jsou stanoveny povinnosti na konsolidovaném základě.
A4: Údaje o osobách, které jsou ve vztahu k povinné osobě v úzkém propojení | E4: Vyhláška č.163/2014 Sb., příloha 11
A6: Informace platné k datu: | D6: =Obsah!C4 -> (30/09/2016)
A7: Obchodní firma | E7: Bod 1 písm. a)
A8: Právní forma
A9: Adresa sídla
A10: Identifikační číslo povinné osoby, je-li přiděleno
A11: Odvětvová klasifikace ekonomických činností
A12: Stručné shrnutí hlavních činností | E12: Bod 1 písm. b)
A13: …
A14: …
A15: …
A16: …
A17: …
E18: Bod 1 písm. b)
A29: Klasifikace úzkého propojení vyjádřená písmeny a), b) nebo c) podle článku 4 odst. 1 bodu 38 nařízení č. 575/2013/EU | E29: Bod 1 písm. c)
A30: …

Sheet II. Část 2
A1: II. Část 2
A2: Obsah údajů o majetkoprávních vztazích mezi členy konsolidačního celku a řídicím a kontrolním systému II
A3: Tuto část uveřejňují pouze povinné osoby, kterým jsou stanoveny povinnosti na konsolidovaném základě.
A4: Údaje o řídicím a kontrolním systému | E4: Vyhláška č.163/2014 Sb., příloha 11
A6: Informace platné k datu: | D6: =Obsah!C4 -> (30/09/2016)
A7: Stručné shrnutí uspořádání, zásad a postupů správy a řízení | E7: Bod 2 písm. a)
A8: …
A9: …
A10: …
A11: …
A12: …
E13: Bod 2 písm. a)
A29: Stručné shrnutí uspořádání, zásad a postupů systému řízení rizik | E29: Bod 2 písm. b)
A30: …
A31: …
A32: …
A33: …
A34: …
E35: Bod 2 písm. b)
A50: Stručné shrnutí uspořádání, zásad a postupů systému vnitřní kontroly | E50: Bod 2 písm. c)
A51: …
A52: …
A53: …
A54: …
A55: …
E56: Bod 2 písm. c)
A71: Stručné shrnutí přístupu k zajišťování důvěryhodnosti, odborné způsobilosti a zkušenosti členů vedoucího orgánu, osob ve vrcholném vedení a osob v klíčových funkcích | E71: Bod 2 písm. d)
A72: …
A73: …
A74: …
A75: …
A76: …
E77: Bod 2 písm. d)
A92: Stručné shrnutí přístupu k ověřování a hodnocení účinnosti, ucelenosti a přiměřenosti řídicího a kontrolního systému | E92: Bod 2 písm. e)
A93: …
A94: …
A95: …
A96: …
A97: …
E98: Bod 2 písm. e)

Sheet II. Část 3
A1: II. Část 3
A2: Obsah údajů o majetkoprávních vztazích mezi členy konsolidačního celku a řídicím a kontrolním systému III
A3: Tuto část uveřejňují pouze povinné osoby, kterým jsou stanoveny povinnosti na konsolidovaném základě.
A4: Údaje o výborech zřízených povinnou osobou | E4: Vyhláška č.163/2014 Sb., příloha 11
A6: Informace platné k datu: | D6: =Obsah!C4 -> (30/09/2016)
A7: Označení výboru | E7: Bod 3 písm. a)
A8: Stručné shrnutí působnosti, pravomoci, způsobu jednání a rozhodování a začlenění výboru do organizačního uspořádání a informačních toků povinné osoby | E8: Bod 3 písm. b)
A9: …
A10: …
A11: …
A12: …
A13: …
E14: Bod 3 písm. b)
A30: Údaje o členech jednotlivých výborů | E30: Bod 3 písm. c)
A31: Jméno a příjmení, včetně titulů
A32: Označení výboru, funkce, datum, od kdy osoba příslušnou funkci člena výboru vykonává | C32: Označení výboru
C33: Funkce
C34: Datum počátku výkonu funkce
A35: Dosavadní zkušenosti a kvalifikační předpoklady pro výkon funkce člena výboru
A36: …
A37: …
A57: Členství člena výboru v orgánech povinné osoby nebo jiných právnických osob
A58: Jméno a příjmení, včetně titulů
A59: Název právnické osoby, označení orgánu a v něm vykonávané funkce | C59: Název právnické osoby
C60: Orgán
C61: Funkce
A63: Členství člena výboru v orgánech povinné osoby nebo jiných právnických osob
A64: Jméno a příjmení, včetně titulů
A65: Název právnické osoby, označení orgánu a v něm vykonávané funkce | C65: Název právnické osoby
C66: Orgán
C67: Funkce
A68: Členství člena výboru v orgánech povinné osoby nebo jiných právnických osob
A69: Jméno a příjmení, včetně titulů
A70: Název právnické osoby, označení orgánu a v něm vykonávané funkce | C70: Název právnické osoby
C71: Orgán
C72: Funkce
A73: Členství člena výboru v orgánech povinné osoby nebo jiných právnických osob
A74: Jméno a příjmení, včetně titulů
A75: Název právnické osoby, označení orgánu a v něm vykonávané funkce | C75: Název právnické osoby
C76: Orgán
C77: Funkce
A79: Údaje o členech jednotlivých výborů | E79: Bod 3 písm. c)
A80: Jméno a příjmení, včetně titulů
A81: Označení výboru, funkce, datum, od kdy osoba příslušnou funkci člena výboru vykonává | C81: Označení výboru
C82: Funkce
C83: Datum počátku výkonu funkce
A84: Dosavadní zkušenosti a kvalifikační předpoklady pro výkon funkce člena výboru
A85: …
A86: …
A106: Členství člena výboru v orgánech povinné osoby nebo jiných právnických osob
A107: Jméno a příjmení, včetně titulů
A108: Název právnické osoby, označení orgánu a v něm vykonávané funkce | C108: Název právnické osoby
C109: Orgán
C110: Funkce
A112: Údaje o členech jednotlivých výborů | E112: Bod 3 písm. c)
A113: Jméno a příjmení, včetně titulů
A114: Označení výboru, funkce, datum, od kdy osoba příslušnou funkci člena výboru vykonává | C114: Označení výboru
C115: Funkce
C116: Datum počátku výkonu funkce
A117: Dosavadní zkušenosti a kvalifikační předpoklady pro výkon funkce člena výboru
A118: …
A119: …
A139: Členství člena výboru v orgánech povinné osoby nebo jiných právnických osob
A140: Jméno a příjmení, včetně titulů
A141: Název právnické osoby, označení orgánu a v něm vykonávané funkce | C141: Název právnické osoby
C142: Orgán
C143: Funkce
A145: Údaje o členech jednotlivých výborů | E145: Bod 3 písm. c)
A146: Jméno a příjmení, včetně titulů
A147: Označení výboru, funkce, datum, od kdy osoba příslušnou funkci člena výboru vykonává | C147: Označení výboru
C148: Funkce
C149: Datum počátku výkonu funkce
A150: Dosavadní zkušenosti a kvalifikační předpoklady pro výkon funkce člena výboru
A151: …
A152: …
A172: Členství člena výboru v orgánech povinné osoby nebo jiných právnických osob
A173: Jméno a příjmení, včetně titulů
A174: Název právnické osoby, označení orgánu a v něm vykonávané funkce | C174: Název právnické osoby
C175: Orgán
C176: Funkce
A178: Údaje o členech jednotlivých výborů | E178: Bod 3 písm. c)
A179: Jméno a příjmení, včetně titulů
A180: Označení výboru, funkce, datum, od kdy osoba příslušnou funkci člena výboru vykonává | C180: Označení výboru
C181: Funkce
C182: Datum počátku výkonu funkce
A183: Dosavadní zkušenosti a kvalifikační předpoklady pro výkon funkce člena výboru
A184: …
A185: …
A205: Členství člena výboru v orgánech povinné osoby nebo jiných právnických osob
A206: Jméno a příjmení, včetně titulů
A207: Název právnické osoby, označení orgánu a v něm vykonávané funkce | C207: Název právnické osoby
C208: Orgán
C209: Funkce

Sheet III. Část 1
A1: III. Část 1
A2: Investiční služby poskytnuté obchodníkem s cennými papíry jiným než podle § 8a odst. 4 a 7 zákona o podnikání na kapitálovém trhu
A4: Investiční služby poskytnuté obchodníkem s cennými papíry jiným než podle § 8a odst. 4 a 7 zákona o podnikání na kapitálovém trhu | H4: Vyhláška č.163/2014 Sb., příloha 12
A6: Informace platné k datu: | D6: =Obsah!C27 -> (30/09/2016)
A7: v tis. Kč | D7: K ultimu vykazovaného období | E7: K ultimu 1. předcházejícího období | F7: K ultimu 2. předcházejícího období | G7: K ultimu 3. předcházejícího období | H7: Bod 1 písm. a)
D8: (qq/rrrr) | E8: (qq/rrrr) | F8: (qq/rrrr) | G8: (qq/rrrr)
A9: Objem obchodů s cennými papíry pro klienty | B9: Obchody pro klienty v rámci obhospodařování majetku | C9: Investiční cenné papíry - akcie a obdobné cenné papíry
C10: Investiční cenné papíry - dluhopisy a obdobné cenné papíry
C11: Investiční cenné papíry - ostatní
C12: Cenné papíry kolektivního investování
C13: Nástroje peněžního trhu
B14: Ostatní obchody pro klienty | C14: Investiční cenné papíry - akcie a obdobné cenné papíry
C15: Investiční cenné papíry - dluhopisy a obdobné cenné papíry
C16: Investiční cenné papíry - ostatní
C17: Cenné papíry kolektivního investování
C18: Nástroje peněžního trhu
A19: Objem obchodů s cennými papíry na vlastní účet | B19: Investiční cenné papíry - akcie a obdobné cenné papíry | H19: Bod 1 písm. b)
B20: Investiční cenné papíry - dluhopisy a obdobné cenné papíry
B21: Investiční cenné papíry - ostatní
B22: Cenné papíry kolektivního investování
B23: Nástroje peněžního trhu
A24: Objem obchodů s deriváty pro klienty | B24: Obchody pro klienty v rámci obhospodařování majetku | C24: Akciové deriváty | H24: Bod 1 písm. c)
C25: Úrokové deriváty
C26: Měnové deriváty
C27: Komoditní deriváty
C28: Úvěrové deriváty
C29: Ostatní deriváty
B30: Ostatní obchody pro klienty | C30: Akciové deriváty
C31: Úrokové deriváty
C32: Měnové deriváty
C33: Komoditní deriváty
C34: Úvěrové deriváty
C35: Ostatní deriváty
A36: Objem obchodů s deriváty na vlastní účet | B36: Akciové deriváty | H36: Bod 1 písm. d)
B37: Úrokové deriváty
B38: Měnové deriváty
B39: Komoditní deriváty
B40: Úvěrové deriváty
B41: Ostatní deriváty

Sheet III. Část 2
A1: III. Část 2
A2: Investiční služby poskytnuté obchodníkem s cennými papíry podle § 8a odst. 4 a 7 zákona o podnikání na kapitálovém trhu
A4: Investiční služby poskytnuté obchodníkem s cennými papíry podle § 8a odst. 4 a 7 zákona o podnikání na kapitálovém trhu | G4: Vyhláška č.163/2014 Sb., příloha 12
A6: Informace platné k datu: | C6: =Obsah!C27 -> (30/09/2016)
A7: V jednotkách | C7: K ultimu vykazovaného období | D7: K ultimu 1. předcházejícího období | E7: K ultimu 2. předcházejícího období | F7: K ultimu 3. předcházejícího období | G7: Bod 2 písm. a)
C8: (qq/rrrr) | D8: (qq/rrrr) | E8: (qq/rrrr) | F8: (qq/rrrr)
A9: Počet smluv o poskytování investiční služby | B9: Přijímání a předávání pokynů
B10: Poskytování investičního poradenství
B11: Obhospodařování majetku
A12: Počet a objem přijatých pokynů za dané čtvrtletí | B12: K nákupu investičních cenných papírů | G12: Bod 2 písm. b)
B13: K prodeji investičních cenných papírů
B14: K nákupu cenných papírů kolektivního investování
B15: K prodeji cenných papírů kolektivního investování

Sheet IV. Část 1
A1: IV.Část 1
A2: Údaje o zahraniční bance z jiného než členského státu
A4: Údaje o zahraniční bance z jiného než členského státu | E4: Vyhláška č.163/2014 Sb., příloha 13
A6: Informace platné k datu: | D6: =Obsah!C33 -> (30/09/2016)
A7: Obchodní firma | E7: Bod 1 písm. a)
A8: Adresa sídla zahraniční banky z jiného než členského státu, která je zřizovatelem pobočky banky z jiného než členského státu
A9: Označení a adresa sídla orgánu, který vykonává dohled nad zahraniční bankou z jiného než členského státu | E9: Bod 1 písm. b)

Sheet IV. Část 1a
A1: IV. Část 1a
A2: Údaje o složení společníků nebo členů zahraniční banky z jiného než členského státu
A4: Údaje o složení společníků nebo členů zahraniční banky z jiného než členského státu | E4: Vyhláška č.163/2014 Sb., příloha 13
A6: Informace platné k datu: | D6: =Obsah!C33 -> (30/09/2016)
A7: Údaje o společnících nebo členech s kvalifikovanou účastí na zahraniční bance z jiného než členského státu | B7: Společnící nebo členové, kteří jsou právnickými osobami | C7: Obchodní firma | E7: Bod 1 písm. c), bod 1
C8: Adresa sídla
C9: Identifikační číslo, je-li přiděleno
C10: Odvětvová klasifikace ekonomických činností
C11: Výše podílu na hlasovacích právech v procentech
C12: Výše podílu na kapitálu v procentech
A13: Údaje o společnících nebo členech s kvalifikovanou účastí na zahraniční bance z jiného než členského státu | B13: Společnící nebo členové, kteří jsou právnickými osobami | C13: Obchodní firma | E13: Bod 1 písm. c)
C14: Adresa sídla
C15: Identifikační číslo, je-li přiděleno
C16: Odvětvová klasifikace ekonomických činností
C17: Výše podílu na hlasovacích právech v procentech
C18: Výše podílu na kapitálu v procentech
A19: Údaje o společnících nebo členech s kvalifikovanou účastí na zahraniční bance z jiného než členského státu | B19: Společnící nebo členové, kteří jsou právnickými osobami | C19: Obchodní firma | E19: Bod 1 písm. c)
C20: Adresa sídla
C21: Identifikační číslo, je-li přiděleno
C22: Odvětvová klasifikace ekonomických činností
C23: Výše podílu na hlasovacích právech v procentech
C24: Výše podílu na kapitálu v procentech
A25: Údaje o společnících nebo členech s kvalifikovanou účastí na zahraniční bance z jiného než členského státu | B25: Společnící nebo členové, kteří jsou právnickými osobami | C25: Obchodní firma | E25: Bod 1 písm. c)
C26: Adresa sídla
C27: Identifikační číslo, je-li přiděleno
C28: Odvětvová klasifikace ekonomických činností
C29: Výše podílu na hlasovacích právech v procentech
C30: Výše podílu na kapitálu v procentech
A31: Údaje o společnících nebo členech s kvalifikovanou účastí na zahraniční bance z jiného než členského státu | B31: Společnící nebo členové, kteří jsou právnickými osobami | C31: Obchodní firma | E31: Bod 1 písm. c)
C32: Adresa sídla
C33: Identifikační číslo, je-li přiděleno
C34: Odvětvová klasifikace ekonomických činností
C35: Výše podílu na hlasovacích právech v procentech
C36: Výše podílu na kapitálu v procentech
A37: Údaje o společnících nebo členech s kvalifikovanou účastí na zahraniční bance z jiného než členského státu | B37: Společnící nebo členové, kteří jsou právnickými osobami | C37: Obchodní firma | E37: Bod 1 písm. c)
C38: Adresa sídla
C39: Identifikační číslo, je-li přiděleno
C40: Odvětvová klasifikace ekonomických činností
C41: Výše podílu na hlasovacích právech v procentech
C42: Výše podílu na kapitálu v procentech
A43: Údaje o společnících nebo členech s kvalifikovanou účastí na zahraniční bance z jiného než členského státu | B43: Společnící nebo členové, kteří jsou právnickými osobami | C43: Obchodní firma | E43: Bod 1 písm. c)
C44: Adresa sídla
C45: Identifikační číslo, je-li přiděleno
C46: Odvětvová klasifikace ekonomických činností
C47: Výše podílu na hlasovacích právech v procentech
C48: Výše podílu na kapitálu v procentech
A49: Údaje o společnících nebo členech s kvalifikovanou účastí na zahraniční bance z jiného než členského státu | B49: Společnící nebo členové, kteří jsou právnickými osobami | C49: Obchodní firma | E49: Bod 1 písm. c)
C50: Adresa sídla
C51: Identifikační číslo, je-li přiděleno
C52: Odvětvová klasifikace ekonomických činností
C53: Výše podílu na hlasovacích právech v procentech
C54: Výše podílu na kapitálu v procentech
A55: Údaje o společnících nebo členech s kvalifikovanou účastí na zahraniční bance z jiného než členského státu | B55: Společnící nebo členové, kteří jsou právnickými osobami | C55: Obchodní firma | E55: Bod 1 písm. c)
C56: Adresa sídla
C57: Identifikační číslo, je-li přiděleno
C58: Odvětvová klasifikace ekonomických činností
C59: Výše podílu na hlasovacích právech v procentech
C60: Výše podílu na kapitálu v procentech
A61: Údaje o společnících nebo členech s kvalifikovanou účastí na zahraniční bance z jiného než členského státu | B61: Společnící nebo členové, kteří jsou právnickými osobami | C61: Obchodní firma | E61: Bod 1 písm. c)
C62: Adresa sídla
C63: Identifikační číslo, je-li přiděleno
C64: Odvětvová klasifikace ekonomických činností
C65: Výše podílu na hlasovacích právech v procentech
C66: Výše podílu na kapitálu v procentech
A67: Údaje o společnících nebo členech s kvalifikovanou účastí na zahraniční bance z jiného než členského státu | B67: Společnící nebo členové, kteří jsou právnickými osobami | C67: Obchodní firma | E67: Bod 1 písm. c)
C68: Adresa sídla
C69: Identifikační číslo, je-li přiděleno
C70: Odvětvová klasifikace ekonomických činností
C71: Výše podílu na hlasovacích právech v procentech
C72: Výše podílu na kapitálu v procentech
A73: Údaje o společnících nebo členech s kvalifikovanou účastí na zahraniční bance z jiného než členského státu | B73: Společnící nebo členové, kteří jsou právnickými osobami | C73: Obchodní firma | E73: Bod 1 písm. c)
C74: Adresa sídla
C75: Identifikační číslo, je-li přiděleno
C76: Odvětvová klasifikace ekonomických činností
C77: Výše podílu na hlasovacích právech v procentech
C78: Výše podílu na kapitálu v procentech
A79: Údaje o společnících nebo členech s kvalifikovanou účastí na zahraniční bance z jiného než členského státu | B79: Společnící nebo členové, kteří jsou právnickými osobami | C79: Obchodní firma | E79: Bod 1 písm. c)
C80: Adresa sídla
C81: Identifikační číslo, je-li přiděleno
C82: Odvětvová klasifikace ekonomických činností
C83: Výše podílu na hlasovacích právech v procentech
C84: Výše podílu na kapitálu v procentech
A85: Údaje o společnících nebo členech s kvalifikovanou účastí na zahraniční bance z jiného než členského státu | B85: Společnící nebo členové, kteří jsou právnickými osobami | C85: Obchodní firma | E85: Bod 1 písm. c)
C86: Adresa sídla
C87: Identifikační číslo, je-li přiděleno
C88: Odvětvová klasifikace ekonomických činností
C89: Výše podílu na hlasovacích právech v procentech
C90: Výše podílu na kapitálu v procentech
A91: Údaje o společnících nebo členech s kvalifikovanou účastí na zahraniční bance z jiného než členského státu | B91: Společnící nebo členové, kteří jsou právnickými osobami | C91: Obchodní firma | E91: Bod 1 písm. c)
C92: Adresa sídla
C93: Identifikační číslo, je-li přiděleno
C94: Odvětvová klasifikace ekonomických činností
C95: Výše podílu na hlasovacích právech v procentech
C96: Výše podílu na kapitálu v procentech
A97: Údaje o společnících nebo členech s kvalifikovanou účastí na zahraniční bance z jiného než členského státu | B97: Společnící nebo členové, kteří jsou právnickými osobami | C97: Obchodní firma | E97: Bod 1 písm. c)
C98: Adresa sídla
C99: Identifikační číslo, je-li přiděleno
C100: Odvětvová klasifikace ekonomických činností
C101: Výše podílu na hlasovacích právech v procentech
C102: Výše podílu na kapitálu v procentech
...

Sheet IV. Část 1b
A1: IV. Část 1b
A2: Údaje o činnosti zahraniční banky z jiného než členského státu
A4: Údaje o činnosti zahraniční banky z jiného než členského státu
A5: Vyhláška č.163/2014 Sb., příloha 13
A6: Informace platné k datu: | C6: =Obsah!C33 -> (30/09/2016)
A7: číslo řádku | B7: Bod 1 písm. d) | C7: Bod 1 písm. e) | D7: Bod 1 písm. f)
B8: Předmět podnikání (činnosti) zahraniční banky z jiného než členského státu | C8: Přehled činností zahraniční bankou z jiného než členského státu skutečně vykonávaných podle udělené licence | D8: Přehled činností zahraniční banky z jiného než členského státu, jejichž vykonávání nebo poskytování bylo příslušným orgánem dohledu omezeno, nebo vyloučeno
A9: 1
A10: 2
A11: 3
A12: …

Sheet IV. Část 1c
A1: IV. Část 1c
A2: Výroční zpráva zahraniční banky z jiného než členského státu
A4: Výroční zpráva zahraniční banky z jiného než členského státu | G4: Vyhláška č.163/2014 Sb., příloha 13
A6: Informace platné k datu: | C6: =Obsah!C33 -> (30/09/2016)
A7: Výroční zpráva zahraniční banky z jiného než členského státu a účetní závěrka zahraniční banky z jiného než členského státu, není-li součástí výroční zprávy, alespoň za poslední účetní období, nebo internetová adresa, na které jsou tyto informace k dispozici | G7: Bod 1 písm. g)
A8: (znázorní se níže)

Sheet IV. Část 2
A1: IV.Část 2
A2: Údaje o pobočce banky z jiného než členského státu I
A4: Údaje o pobočce banky z jiného než členského státu | E4: Vyhláška č.163/2014 Sb., příloha 13
A6: Informace platné k datu: | D6: =Obsah!C33 -> (30/09/2016)
A7: Označení pobočky banky z jiného než členského státu podle zápisu v obchodním rejstříku | E7: Bod 2 písm. a)
A8: Identifikační číslo pobočky banky z jiného než členského státu
A9: Adresa sídla pobočky banky z jiného než členského státu podle zápisu v obchodním rejstříku
A10: Datum zápisu do obchodního rejstříku | E10: Bod 2 písm. b)
A11: Datum zápisu poslední změny do obchodního rejstříku
A12: Účel poslední změny zápisu do obchodního rejstříku
A13: Údaje o vedoucím pobočky banky z jiného členského státu a dalších osobách ve vedení této pobočky v tomto rozsahu | B13: Jméno a příjmení, včetně titulů | E13: Bod 2 písm. g)
B14: Funkce a datum, od kdy osoba příslušnou funkci vykonává
B15: Dosavadní zkušenosti a kvalifikační předpoklady pro výkon funkce
B16: Členství v orgánech jiných právnických osob
B17: Souhrnná výše úvěrů poskytnutých pobočkou banky z jiného než členského státu vedoucímu této pobočky a osobám ve vedení této pobočky
B18: Souhrnná výše záruk vydaných pobočkou banky z jiného než členského státu za vedoucího této pobočky a další osoby ve vedení této pobočky
A19: Údaje o vedoucím pobočky banky z jiného členského státu a dalších osobách ve vedení pobočky banky z jiného než členského státu | B19: Jméno a příjmení, včetně titulů | E19: Bod 2 písm. g)
B20: Funkce a datum, od kdy osoba příslušnou funkci vykonává
B21: Dosavadní zkušenosti a kvalifikační předpoklady pro výkon funkce
B22: Členství v orgánech jiných právnických osob
B23: Souhrnná výše úvěrů poskytnutých pobočkou banky z jiného než členského státu vedoucímu této pobočky a osobám ve vedení této pobočky
B24: Souhrnná výše záruk vydaných pobočkou banky z jiného než členského státu za vedoucího této pobočky a další osoby ve vedení této pobočky
A25: Údaje o vedoucím pobočky banky z jiného členského státu a dalších osobách ve vedení pobočky banky z jiného než členského státu | B25: Jméno a příjmení, včetně titulů | E25: Bod 2 písm. g)
B26: Funkce a datum, od kdy osoba příslušnou funkci vykonává
B27: Dosavadní zkušenosti a kvalifikační předpoklady pro výkon funkce
B28: Členství v orgánech jiných právnických osob
B29: Souhrnná výše úvěrů poskytnutých pobočkou banky z jiného než členského státu vedoucímu této pobočky a osobám ve vedení této pobočky
B30: Souhrnná výše záruk vydaných pobočkou banky z jiného než členského státu za vedoucího této pobočky a další osoby ve vedení této pobočky
A31: Údaje o vedoucím pobočky banky z jiného členského státu a dalších osobách ve vedení pobočky banky z jiného než členského státu | B31: Jméno a příjmení, včetně titulů | E31: Bod 2 písm. g)
B32: Funkce a datum, od kdy osoba příslušnou funkci vykonává
B33: Dosavadní zkušenosti a kvalifikační předpoklady pro výkon funkce
B34: Členství v orgánech jiných právnických osob
B35: Souhrnná výše úvěrů poskytnutých pobočkou banky z jiného než členského státu vedoucímu této pobočky a osobám ve vedení této pobočky
B36: Souhrnná výše záruk vydaných pobočkou banky z jiného než členského státu za vedoucího této pobočky a další osoby ve vedení této pobočky
A37: Údaje o vedoucím pobočky banky z jiného členského státu a dalších osobách ve vedení pobočky banky z jiného než členského státu | B37: Jméno a příjmení, včetně titulů | E37: Bod 2 písm. g)
B38: Funkce a datum, od kdy osoba příslušnou funkci vykonává
B39: Dosavadní zkušenosti a kvalifikační předpoklady pro výkon funkce
B40: Členství v orgánech jiných právnických osob
B41: Souhrnná výše úvěrů poskytnutých pobočkou banky z jiného než členského státu vedoucímu této pobočky a osobám ve vedení této pobočky
B42: Souhrnná výše záruk vydaných pobočkou banky z jiného než členského státu za vedoucího této pobočky a další osoby ve vedení této pobočky
A43: Údaje o vedoucím pobočky banky z jiného členského státu a dalších osobách ve vedení pobočky banky z jiného než členského státu | B43: Jméno a příjmení, včetně titulů | E43: Bod 2 písm. g)
B44: Funkce a datum, od kdy osoba příslušnou funkci vykonává
B45: Dosavadní zkušenosti a kvalifikační předpoklady pro výkon funkce
B46: Členství v orgánech jiných právnických osob
B47: Souhrnná výše úvěrů poskytnutých pobočkou banky z jiného než členského státu vedoucímu této pobočky a osobám ve vedení této pobočky
B48: Souhrnná výše záruk vydaných pobočkou banky z jiného než členského státu za vedoucího této pobočky a další osoby ve vedení této pobočky
A49: Údaje o vedoucím pobočky banky z jiného členského státu a dalších osobách ve vedení pobočky banky z jiného než členského státu | B49: Jméno a příjmení, včetně titulů | E49: Bod 2 písm. g)
B50: Funkce a datum, od kdy osoba příslušnou funkci vykonává
B51: Dosavadní zkušenosti a kvalifikační předpoklady pro výkon funkce
B52: Členství v orgánech jiných právnických osob
B53: Souhrnná výše úvěrů poskytnutých pobočkou banky z jiného než členského státu vedoucímu této pobočky a osobám ve vedení této pobočky
B54: Souhrnná výše záruk vydaných pobočkou banky z jiného než členského státu za vedoucího této pobočky a další osoby ve vedení této pobočky
A55: Údaje o vedoucím pobočky banky z jiného členského státu a dalších osobách ve vedení pobočky banky z jiného než členského státu | B55: Jméno a příjmení, včetně titulů | E55: Bod 2 písm. g)
B56: Funkce a datum, od kdy osoba příslušnou funkci vykonává
B57: Dosavadní zkušenosti a kvalifikační předpoklady pro výkon funkce
B58: Členství v orgánech jiných právnických osob
B59: Souhrnná výše úvěrů poskytnutých pobočkou banky z jiného než členského státu vedoucímu této pobočky a osobám ve vedení této pobočky
B60: Souhrnná výše záruk vydaných pobočkou banky z jiného než členského státu za vedoucího této pobočky a další osoby ve vedení této pobočky
A61: Údaje o vedoucím pobočky banky z jiného členského státu a dalších osobách ve vedení pobočky banky z jiného než členského státu | B61: Jméno a příjmení, včetně titulů | E61: Bod 2 písm. g)
B62: Funkce a datum, od kdy osoba příslušnou funkci vykonává
B63: Dosavadní zkušenosti a kvalifikační předpoklady pro výkon funkce
B64: Členství v orgánech jiných právnických osob
B65: Souhrnná výše úvěrů poskytnutých pobočkou banky z jiného než členského státu vedoucímu této pobočky a osobám ve vedení této pobočky
B66: Souhrnná výše záruk vydaných pobočkou banky z jiného než členského státu za vedoucího této pobočky a další osoby ve vedení této pobočky
A67: Údaje o vedoucím pobočky banky z jiného členského státu a dalších osobách ve vedení pobočky banky z jiného než členského státu | B67: Jméno a příjmení, včetně titulů | E67: Bod 2 písm. g)
B68: Funkce a datum, od kdy osoba příslušnou funkci vykonává
B69: Dosavadní zkušenosti a kvalifikační předpoklady pro výkon funkce
B70: Členství v orgánech jiných právnických osob
B71: Souhrnná výše úvěrů poskytnutých pobočkou banky z jiného než členského státu vedoucímu této pobočky a osobám ve vedení této pobočky
B72: Souhrnná výše záruk vydaných pobočkou banky z jiného než členského státu za vedoucího této pobočky a další osoby ve vedení této pobočky
A73: Údaje o vedoucím pobočky banky z jiného členského státu a dalších osobách ve vedení pobočky banky z jiného než členského státu | B73: Jméno a příjmení, včetně titulů | E73: Bod 2 písm. g)
B74: Funkce a datum, od kdy osoba příslušnou funkci vykonává
B75: Dosavadní zkušenosti a kvalifikační předpoklady pro výkon funkce
B76: Členství v orgánech jiných právnických osob
B77: Souhrnná výše úvěrů poskytnutých pobočkou banky z jiného než členského státu vedoucímu této pobočky a osobám ve vedení této pobočky
B78: Souhrnná výše záruk vydaných pobočkou banky z jiného než členského státu za vedoucího této pobočky a další osoby ve vedení této pobočky
A79: Údaje o vedoucím pobočky banky z jiného členského státu a dalších osobách ve vedení pobočky banky z jiného než členského státu | B79: Jméno a příjmení, včetně titulů | E79: Bod 2 písm. g)
B80: Funkce a datum, od kdy osoba příslušnou funkci vykonává
B81: Dosavadní zkušenosti a kvalifikační předpoklady pro výkon funkce
B82: Členství v orgánech jiných právnických osob
B83: Souhrnná výše úvěrů poskytnutých pobočkou banky z jiného než členského státu vedoucímu této pobočky a osobám ve vedení této pobočky
B84: Souhrnná výše záruk vydaných pobočkou banky z jiného než členského státu za vedoucího této pobočky a další osoby ve vedení této pobočky
A85: Údaje o vedoucím pobočky banky z jiného členského státu a dalších osobách ve vedení pobočky banky z jiného než členského státu | B85: Jméno a příjmení, včetně titulů | E85: Bod 2 písm. g)
B86: Funkce a datum, od kdy osoba příslušnou funkci vykonává
B87: Dosavadní zkušenosti a kvalifikační předpoklady pro výkon funkce
B88: Členství v orgánech jiných právnických osob
B89: Souhrnná výše úvěrů poskytnutých pobočkou banky z jiného než členského státu vedoucímu této pobočky a osobám ve vedení této pobočky
B90: Souhrnná výše záruk vydaných pobočkou banky z jiného než členského státu za vedoucího této pobočky a další osoby ve vedení této pobočky
A91: Údaje o vedoucím pobočky banky z jiného členského státu a dalších osobách ve vedení pobočky banky z jiného než členského státu | B91: Jméno a příjmení, včetně titulů | E91: Bod 2 písm. g)
B92: Funkce a datum, od kdy osoba příslušnou funkci vykonává
B93: Dosavadní zkušenosti a kvalifikační předpoklady pro výkon funkce
B94: Členství v orgánech jiných právnických osob
B95: Souhrnná výše úvěrů poskytnutých pobočkou banky z jiného než členského státu vedoucímu této pobočky a osobám ve vedení této pobočky
B96: Souhrnná výše záruk vydaných pobočkou banky z jiného než členského státu za vedoucího této pobočky a další osoby ve vedení této pobočky
A97: Údaje o vedoucím pobočky banky z jiného členského státu a dalších osobách ve vedení pobočky banky z jiného než členského státu | B97: Jméno a příjmení, včetně titulů | E97: Bod 2 písm. g)
B98: Funkce a datum, od kdy osoba příslušnou funkci vykonává
B99: Dosavadní zkušenosti a kvalifikační předpoklady pro výkon funkce
B100: Členství v orgánech jiných právnických osob
B101: Souhrnná výše úvěrů poskytnutých pobočkou banky z jiného než členského státu vedoucímu této pobočky a osobám ve vedení této pobočky
B102: Souhrnná výše záruk vydaných pobočkou banky z jiného než členského státu za vedoucího této pobočky a další osoby ve vedení této pobočky
...

Sheet IV. Část 2a
A1: IV. Část 2a
A2: Údaje o pobočce banky z jiného než členského státu II
A4: Údaje o pobočce banky z jiného než členského státu
A5: Vyhláška č.163/2014 Sb., příloha 13
A6: Informace platné k datu: | C6: =Obsah!C33 -> (30/09/2016)
A7: číslo řádku | B7: Bod 2 písm. c) | C7: Bod 2 písm. d) | D7: Bod 2 písm. e)
B27: Předmět podnikání (činnosti) zapsaný v obchodním rejstříku | C27: Přehled činností skutečně vykonávaných | D27: Přehled činností, jejichž vykovávání nebo poskytování bylo Českou národní bankou omezeno nebo vyloučeno
A28: 1
A29: 2
A30: 3
A31: …

Sheet IV. Část 2b
A1: IV. Část 2b
A2: Údaje o pobočce banky z jiného než členského státu III
A4: Údaje o pobočce banky z jiného než členského státu | E4: Vyhláška č.163/2014 Sb., příloha 13
A6: Informace platné k datu: | D6: =Obsah!C33 -> (30/09/2016)
A7: Organizační struktura povinné osoby | B7: Počet obchodních míst | E7: Bod 2 písm. f)
B8: Počet pracovníků (přepočtený stav)
B9: Organizační struktura povinné osoby (znázorní se níže)

Sheet IV. Část 3
A1: IV. Část 3
A2: Údaje o plnění obezřetnostních pravidel pobočky banky z jiného než členského státu I
A4: Údaje o plnění obezřetnostních pravidel pobočky banky z jiného než členského státu | H4: Vyhláška č. 163/2014 Sb., příloha 13
A6: Informace platné k datu: | D6: =Obsah!C33 -> (30/09/2016)
D7: K ultimu vykazovaného období | E7: K ultimu 1. předcházejícího období | F7: K ultimu 2. předcházejícího období | G7: K ultimu 3. předcházejícího období
D8: (qq/rrrr) | E8: (qq/rrrr) | F8: (qq/rrrr) | G8: (qq/rrrr)
A9: Souhrnná výše pohledávek pobočky banky z jiného než členského státu, z finančních činností, u nichž byla během účetního období provedena restrukturalizace (součet zůstatků účtů pohledávek k vykazovanému datu, a to pohledávek, u nichž byla během účetního období provedena restrukturalizace); pohledávky jsou uváděny bez opravných položek,restrukturalizace); pohledávky jsou uváděny bez opravných položek | C9: Pohledávky oceňované naběhlou hodnotou | H9: Bod 3 písm. e)
C10: Pohledávky oceňované reálnou hodnotou
A11: Kapitálové poměry | B11: Kapitálový poměr pro kapitál tier 1 | H11: Bod 3 písm. g)
B12: Kapitálový poměr pro celkový kapitál
A13: Poměrové ukazatele pobočky banky z jiného než členského státu | B13: Rentabilita průměrných aktiv (ROAA) | H13: Bod 3 písm. h)
B14: Rentabilita průměrného kapitálu tier 1 (ROAE)
B15: Aktiva na jednoho pracovníka
B16: Správní náklady na jednoho pracovníka
B17: Zisk nebo ztráta po zdanění na jednoho pracovníka
A18: Údaje o objemu obchodů uskutečněných v rámci poskytování investičních služeb ve vztahu k jednotlivým investičním nástrojům, pokud pobočka banky z jiného než členského státu je oprávněna poskytovat investiční služby podle zákona o podnikání na kapitálovém trhu | H18: Bod 3 písm. i)
A24: Údaje o objemu obchodů uskutečněných v rámci poskytování investičních služeb ve vztahu k jednotlivým investičním nástrojům, pokud pobočka banky z jiného než členského státu je oprávněna poskytovat investiční služby podle zákona o podnikání na kapitálovém trhu | H24: Bod 3 písm. i)
A30: Údaje o objemu obchodů uskutečněných v rámci poskytování investičních služeb ve vztahu k jednotlivým investičním nástrojům, pokud pobočka banky z jiného než členského státu je oprávněna poskytovat investiční služby podle zákona o podnikání na kapitálovém trhu | H30: Bod 3 písm. i)
A36: Údaje o objemu obchodů uskutečněných v rámci poskytování investičních služeb ve vztahu k jednotlivým investičním nástrojům, pokud pobočka banky z jiného než členského státu je oprávněna poskytovat investiční služby podle zákona o podnikání na kapitálovém trhu | H36: Bod 3 písm. i)
A42: Údaje o objemu obchodů uskutečněných v rámci poskytování investičních služeb ve vztahu k jednotlivým investičním nástrojům, pokud pobočka banky z jiného než členského státu je oprávněna poskytovat investiční služby podle zákona o podnikání na kapitálovém trhu | H42: Bod 3 písm. i)
A48: Údaje o objemu obchodů uskutečněných v rámci poskytování investičních služeb ve vztahu k jednotlivým investičním nástrojům, pokud pobočka banky z jiného než členského státu je oprávněna poskytovat investiční služby podle zákona o podnikání na kapitálovém trhu | H48: Bod 3 písm. i)
A54: Údaje o objemu obchodů uskutečněných v rámci poskytování investičních služeb ve vztahu k jednotlivým investičním nástrojům, pokud pobočka banky z jiného než členského státu je oprávněna poskytovat investiční služby podle zákona o podnikání na kapitálovém trhu | H54: Bod 3 písm. i)
A60: Údaje o objemu obchodů uskutečněných v rámci poskytování investičních služeb ve vztahu k jednotlivým investičním nástrojům, pokud pobočka banky z jiného než členského státu je oprávněna poskytovat investiční služby podle zákona o podnikání na kapitálovém trhu | H60: Bod 3 písm. i)
A66: Údaje o objemu obchodů uskutečněných v rámci poskytování investičních služeb ve vztahu k jednotlivým investičním nástrojům, pokud pobočka banky z jiného než členského státu je oprávněna poskytovat investiční služby podle zákona o podnikání na kapitálovém trhu | H66: Bod 3 písm. i)

Sheet IV. Část 3a
A1: IV. Část 3a
A2: Údaje podle článku 437 odst. 1 písm. a) nařízení s výjimkou úplného sesouhlasení položek, filtrů a odpočtů na rozvahu v rámci auditované účetní závěrky pobočky banky z jiného než členského státu
A4: Údaje o plnění obezřetnostních pravidel pobočky banky z jiného než členského státu | G4: Vyhláška č.163/2014 Sb., příloha 13
A6: Informace platné k datu: | D6: =Obsah!C33 -> (30/09/2016)
A7: Údaje podle článku 437 odst. 1 písm. a) nařízení č. 575/2013/EU s výjimkou úplného sesouhlasení položek, filtrů a odpočtů na rozvahu v rámci auditované účetní závěrky pobočky banky z jiného než členského státu (znázorní se níže) | G7: Bod 3 písm. a)
A8: 1) Instituce použijí metodiku popsanou v této příloze za účelem poskytnutí informací o sesouhlasení mezi rozvahovými položkami použitými k výpočtu kapitálu a regulatorním kapitálem. Položky kapitálu v auditované účetní závěrce zahrnují veškeré položky, které jsou složkami regulatorního kapitálu nebo které jsou odečteny od tohoto kapitálu, včetně vlastního kapitálu, závazků, jako jsou dluhy, nebo jiných rozvahových položek, které ovlivňují regulatorní kapitál, jako jsou nehmotná aktiva, goodwill, odložené daňové pohledávky.
A9: 2) Jako výchozí bod použijí instituce příslušné rozvahové položky použité k výpočtu kapitálu v jejich zveřejněných účetních závěrkách. Účetní závěrka se považuje za auditovanou účetní závěrku, je-li sesouhlasení provedeno na základě účetní závěrky na konci roku.
A10: 3) Pokud instituce plní požadavky stanovené v části osmé nařízení č. 575/2013/EU na konsolidovaném nebo subkonsolidovaném základě a pokud se rozsah nebo metoda konsolidace použité v rozvaze v rámci účetní závěrky liší od rozsahu nebo metody konsolidace vyžadované podle části první hlavy II kapitoly 2 nařízení č. 575/2013/EU, zpřístupní instituce rovněž rozvahu podle právních předpisů, což je rozvaha vypracována podle pravidel obezřetnostní konsolidace podle části první hlavy II kapitoly 2 nařízení č. 575/2013/EU a vztahuje se pouze na položky kapitálu. Rozvaha podle právních předpisů je s ohledem na položky kapitálu přinejmenším stejně podrobná jako rozvaha v rámci účetní závěrky a její položky jsou uvedeny vedle sebe s jednoznačným přiřazením položek kapitálu v rozvaze v rámci účetní závěrky. Instituce poskytnou kvalitativní a kvantitativní informace o rozdílech v položkách kapitálu mezi oběma rozvahami, které jsou způsobeny rozsahem a metodou konsolidace.
A11: 4) Instituce za druhé rozšíří položky kapitálu v rozvaze podle právních předpisů tak, aby byly všechny složky vyžadované v přechodné šabloně pro zpřístupňování informací nebo v šabloně pro zpřístupňování informací o kapitálu uvedeny zvlášť. Instituce rozšíří položky rozvahy pouze na úroveň rozčlenění, která je nezbytná pro odvození položek vyžadovaných v přechodné šabloně pro zpřístupňování informací nebo v šabloně pro zpřístupňování informací o kapitálu.
A12: 5) Instituce provedou za třetí přiřazení mezi položkami vyplývajícími z rozšíření rozvahy podle právních předpisů, jak je popsáno v bodě 4, a položkami uvedenými v přechodné šabloně pro zpřístupňování informací nebo v šabloně pro zpřístupňování informací o kapitálu.
A13: 6) Pokud instituce plní požadavky stanovené v části osmé nařízení č. 575/2013/EU na konsolidovaném nebo subkonsolidovaném základě, rozsah a metoda konsolidace použité pro rozvahu v rámci účetní závěrky jsou však totožné s rozsahem a metodou konsolidace stanovenými podle části první hlavy II kapitoly 2 nařízení č. 575/2013/EU, a instituce jednoznačně uvedou, že mezi příslušnými rozsahy a metodami konsolidace neexistují rozdíly, použijí se pouze body 4 a 5 této přílohy na základě rozvahy v rámci účetní závěrky.
A14: 7) Pokud instituce plní požadavky stanovené v části osmé nařízení č. 575/2013/EU na individuálním základě, bod 3 této přílohy se nepoužije a místo toho se použijí body 4 a 5 této přílohy na základě rozvahy v rámci účetní závěrky.
A15: 8) Informace týkající se rozvahového sesouhlasení položek kapitálu vyplývající z použití metodiky popsané v této příloze mohou být poskytnuty v neauditované podobě.

Sheet IV. Část 3b
A1: IV. Část 3b
A2: Údaje o plnění obezřetnostních pravidel pobočky banky z jiného než členského státu podle článku 438 písm. c) až f) nařízení č. 575/2013/EU
A4: Údaje o plnění obezřetnostních pravidel pobočky banky z jiného než členského státu | G4: Vyhláška č.163/2014 Sb., příloha 13
A6: Informace platné k datu: | C6: =Obsah!C33 -> (30/09/2016)
A7: Údaje podle článku 438 písm. c) až f) nařízení č. 575/2013/EU | G7: Bod 3 písm. b)
A8: V případě institucí, které počítají objem rizikově vážených expozic podle části třetí hlavy II kapitoly 2, 8 % objemu rizikově vážených expozic pro každou kategorii expozic uvedenou v článku 112 nařízení č. 575/2013/EU | C8: K ultimu vykazovaného období | D8: K ultimu 1. předcházejícího období | E8: K ultimu 2. předcházejícího období | F8: K ultimu 3. předcházejícího období
C9: (qq/rrrr) | D9: (qq/rrrr) | E9: (qq/rrrr) | F9: (qq/rrrr)
B10: Expozice vůči ústředním vládám nebo centrálním bankám | G10: čl. 438 písm. c) nařízení č. 575/2013/EU
B11: Expozice vůči regionálním vládám nebo místním orgánům
B12: Expozice vůči subjektům veřejného sektoru
B13: Expozice vůči mezinárodním rozvojovým bankám
B14: Expozice vůči mezinárodním organizacím
B15: Expozice vůči institucím
B16: Expozice vůči podnikům
B17: Retailové expozice
B18: Expozice zajištěné nemovitostmi
B19: Expozice v selhání
B20: Expozice spojené s obzvláště vysokým rizikem
B21: Expozice v krytých dluhopisech
B22: Položky představující sekuritizované pozice
... B26: Ostatní položky
A27: Kapitálové požadavky vypočítané podle čl. 92 odst. 3 písm. b) a c) nařízení 2013/575/EU | B27: K pozičnímu riziku | G27: čl. 438 písm. e) nařízení č. 575/2013/EU
B28: Pro velké expozice přesahující limity stanovené v článcích 395 až 401 nařízení č. 575/2013/EU, pokud je instituci povoleno tyto limity překročit
B29: K měnovému rizyku
B30: K vypořádacímu riziku
B31: Ke komoditnímu riziku
A32: Kapitálové požadavky vypočítané podle části třetí hlavy III kapitol 2, 3 a 4 nařízení č. 575/2013/EU a zpřístupňované odděleně | B32: Kapitálový požadavek podle hlavy III kapitoly 2 nařízení č. 575/2013/EU | G32: čl. 438 písm. f) nařízení č. 575/2013/EU
B33: Kapitálový požadavek podle hlavy III kapitoly 3 Nařízení 2013/575/EU
B34: Kapitálový požadavek podle hlavy III kapitoly 4 nařízení č. 575/2013/EU
A35: V případě institucí, které počítají objem rizikově vážených expozic podle části třetí hlavy II kapitoly 3, 8 % objemu rizikově vážených expozic pro každou kategorii expozic uvedenou v článku 147. V případě kategorie retailových expozic se tento požadavek použije na každou kategorii expozic, které odpovídají různé korelace podle čl. 154 odst. 1 až 4 | B35: Expozice vůči ústředním vládám nebo centrálním bankám | G35: čl. 438 písm. d) nařízení č. 575/2013/EU
B36: Expozice vůči institucím
B37: Expozice vůči podnikům
B38: Retailové expozice
B39: Akciové expozice
B40: Položky představující sekuritizované pozice
B41: Jiná aktiva nemající povahu úvěrového závazku

Sheet IV. Část 3c
A1: IV. Část 3c
A2: Údaje o plnění obezřetnostních pravidel pobočky banky z jiného než členského státu - reálné a jmenovité hodnoty derivátů
A4: Údaje o plnění obezřetnostních pravidel pobočky banky z jiného než členského státu - reálné a jmenovité hodnoty derivátů | J4: Vyhláška č.163/2014 Sb., příloha 13
A7: Informace platné k datu: | B7: =Obsah!C33 -> (30/09/2016)
A8: Reálné a jmenovité hodnoty derivátů (v tis. Kč) | B8: K ultimu vykazovaného období | D8: K ultimu 1. předcházejícího období | F8: K ultimu 2. předcházejícího období | H8: K ultimu 3. předcházejícího období | J8: Bod 3 písm. f)
B9: (qq/rrrr) | D9: (qq/rrrr) | F9: (qq/rrrr) | H9: (qq/rrrr)
B10: Jmenovitá hodnota | C10: Reálná hodnota | D10: Jmenovitá hodnota | E10: Reálná hodnota | F10: Jmenovitá hodnota | G10: Reálná hodnota | H10: Jmenovitá hodnota | I10: Reálná hodnota
A11: Zajišťovací deriváty celkem
A12: Souhrnně za deriváty k obchodování nebo spekulace celkem
A13: Souhrnně za deriváty, u nichž povinná osoba uplatňuje zajišťovací účetnictví
A14: Souhrnně za deriváty ostatní

Sheet IV. Část 3d
A1: IV. Část 3d
A2: Údaje o plnění obezřetnostních pravidel pobočky banky z jiného než členského státu - informace pobočky banky z jiného než členského státu o pohledávkách
A4: Údaje o plnění obezřetnostních pravidel pobočky banky z jiného než členského státu - informace pobočky banky z jiného než členského státu o pohledávkách | Z4: Vyhláška č. 163/2014 Sb., příloha 13
A7: Informace platné k datu: | B7: =Obsah!C33 -> (30/09/2016)
A8: Pohledávky z finančních činností bez selhání a se selháním (v tis. Kč) | B8: K ultimu vykazovaného období | H8: K ultimu 1. předcházejícího období | N8: K ultimu 2. předcházejícího období | T8: K ultimu 3. předcházejícího období | Z8: Bod 3 písm. c)
B9: (qq/rrrr) | H9: (qq/rrrr) | N9: (qq/rrrr) | T9: (qq/rrrr)
B10: Hodnota před znehodnocením | C10: Účetní hodnota (netto) | D10: Opravné položky k jednotlivým pohledávkám | E10: Opravné položky k port. pohled. jednotlivě bez znehodnocení | F10: Opravné položky k portfoliu jednotlivě nevýznam. pohledávek | G10: Kumulovaná ztrata z oceneni realnou hodnotou | H10: Hodnota před znehodnocením | I10: Účetní hodnota (netto) | J10: Opravné položky k jednotlivým pohledávkám | K10: Opravné položky k port. pohled. jednotlivě bez znehodnocení | L10: Opravné položky k portfoliu jednotlivě nevýznam. pohledávek | M10: Kumulovaná ztrata z oceneni realnou hodnotou | N10: Hodnota před znehodnocením | O10: Účetní hodnota (netto) | P10: Opravné položky k jednotlivým pohledávkám | Q10: Opravné položky k port. pohled. jednotlivě bez znehodnocení | R10: Opravné položky k portfoliu jednotlivě nevýznam. pohledávek | S10: Kumulovaná ztrata z oceneni realnou hodnotou | T10: Hodnota před znehodnocením | U10: Účetní hodnota (netto) | V10: Opravné položky k jednotlivým pohledávkám | W10: Opravné položky k port. pohled. jednotlivě bez znehodnocení | X10: Opravné položky k portfoliu jednotlivě nevýznam. pohledávek | Y10: Kumulovaná ztrata z oceneni realnou hodnotou
A12: Pohledávky z finančních činností celkem
A13: Pohledávky za úvěrovými institucemi
A14: Pohledávky za úvěrovými institucemi bez selhání
A15: Standardní pohledávky za úvěrovými institucemi
A16: Sledované pohledávky za úvěrovými institucemi
A17: Pohledávky za úvěrovými institucemi se selháním
A18: Nestandardní pohledávky za úvěrovými institucemi
A19: Pochybné pohledávky za úvěrovými institucemi
A20: Ztrátové pohledávky za úvěrovými institucemi
A21: Pohledávky za jinými osobami než úvěr.institucemi
A22: Pohledávky za j. osobami než úvěr.institucemi bez selhání
A23: Standardní pohledávky za jinými osobami než úvěr.institucemi
... A28: Ztrátové pohledávky za jinými osobami než úvěr.institucemi
A29: Pohledávky z finančních činností bez znehodnocení a se znehodnocením (v tis. Kč) | B29: K ultimu vykazovaného období | H29: K ultimu 1. předcházejícího období | N29: K ultimu 2. předcházejícího období | T29: K ultimu 3. předcházejícího období | Z29: Bod 3 písm. d)
B30: (qq/rrrr) | H30: (qq/rrrr) | N30: (qq/rrrr) | T30: (qq/rrrr)
B31: Hodnota před znehodnocením | C31: Účetní hodnota (netto) | D31: Opravné položky k jednotlivým pohledávkám | E31: Opravné položky k port. pohled. jednotlivě bez znehodnocení | F31: Opravné položky k portfoliu jednotlivě nevýznam. pohledávek | G31: Kumulovaná ztrata z oceneni realnou hodnotou | H31: Hodnota před znehodnocením | I31: Účetní hodnota (netto) | J31: Opravné položky k jednotlivým pohledávkám | K31: Opravné položky k port. pohled. jednotlivě bez znehodnocení | L31: Opravné položky k portfoliu jednotlivě nevýznam. pohledávek | M31: Kumulovaná ztrata z oceneni realnou hodnotou | N31: Hodnota před znehodnocením | O31: Účetní hodnota (netto) | P31: Opravné položky k jednotlivým pohledávkám | Q31: Opravné položky k port. pohled. jednotlivě bez znehodnocení | R31: Opravné položky k portfoliu jednotlivě nevýznam. pohledávek | S31: Kumulovaná ztrata z oceneni realnou hodnotou | T31: Hodnota před znehodnocením | U31: Účetní hodnota (netto) | V31: Opravné položky k jednotlivým pohledávkám | W31: Opravné položky k port. pohled. jednotlivě bez znehodnocení | X31: Opravné položky k portfoliu jednotlivě nevýznam. pohledávek | Y31: Kumulovaná ztrata z oceneni realnou hodnotou
A33: Pohledávky za úvěrovými institucemi bez znehodnocení
A34: Pohledávky za úvěrovými institucemi se znehodnocením

Sheet V. Část 1
A1: V. Část 1 | C1: Prováděcí nařízení Komise (EU) č. 1423/2013 ze dne 20. prosince 2013, kterým se stanoví prováděcí technické normy, pokud jde o požadavky na zpřístupňování informací o kapitálu uložené institucím podle nařízení Evropského parlamentu a Rady (EU) č. 575/2013
A2: Údaje o kapitálu a kapitálových požadavcích
A4: Údaje o kapitálu a kapitálových požadavcích | E4: Vyhláška č.163/2014 Sb., příloha 14
A6: Informace platné k datu: | D6: =Obsah!C49 -> (30/09/2016)
A7: Údaje o kapitálu a kapitálových požadavcích podle článku 437 odst. 1 písm. a) nařízení č. 575/2013/EU. | E7: Bod 1 písm. a)
A9: 1) Instituce použijí metodiku popsanou v této příloze za účelem poskytnutí informací o sesouhlasení mezi rozvahovými položkami použitými k výpočtu kapitálu a regulatorním kapitálem. Položky kapitálu v auditované účetní závěrce zahrnují veškeré položky, které jsou složkami regulatorního kapitálu nebo které jsou odečteny od tohoto kapitálu, včetně vlastního kapitálu, závazků, jako jsou dluhy, nebo jiných rozvahových položek, které ovlivňují regulatorní kapitál, jako jsou nehmotná aktiva, goodwill, odložené daňové pohledávky.
A10: 2) Jako výchozí bod použijí instituce příslušné rozvahové položky použité k výpočtu kapitálu v jejich zveřejněných účetních závěrkách. Účetní závěrka se považuje za auditovanou účetní závěrku, je-li sesouhlasení provedeno na základě účetní závěrky na konci roku.
A11: 3) Pokud instituce plní požadavky stanovené v části osmé nařízení č. 575/2013/EU na konsolidovaném nebo subkonsolidovaném základě a pokud se rozsah nebo metoda konsolidace použité v rozvaze v rámci účetní závěrky liší od rozsahu nebo metody konsolidace vyžadované podle části první hlavy II kapitoly 2 nařízení č. 575/2013/EU, zpřístupní instituce rovněž rozvahu podle právních předpisů, což je rozvaha vypracována podle pravidel obezřetnostní konsolidace podle části první hlavy II kapitoly 2 nařízení (EU) č. 575/2013 a vztahuje se pouze na položky kapitálu. Rozvaha podle právních předpisů je s ohledem na položky kapitálu přinejmenším stejně podrobná jako rozvaha v rámci účetní závěrky a její položky jsou uvedeny vedle sebe s jednoznačným přiřazením položek kapitálu v rozvaze v rámci účetní závěrky. Instituce poskytnou kvalitativní a kvantitativní informace o rozdílech v položkách kapitálu mezi oběma rozvahami, které jsou způsobeny rozsahem a metodou konsolidace.
A12: 4) Instituce za druhé rozšíří položky kapitálu v rozvaze podle právních předpisů tak, aby byly všechny složky vyžadované v přechodné šabloně pro zpřístupňování informací nebo v šabloně pro zpřístupňování informací o kapitálu uvedeny zvlášť. Instituce rozšíří položky rozvahy pouze na úroveň rozčlenění, která je nezbytná pro odvození položek vyžadovaných v přechodné šabloně pro zpřístupňování informací nebo v šabloně pro zpřístupňování informací o kapitálu.
A13: 5) Instituce provedou za třetí přiřazení mezi položkami vyplývajícími z rozšíření rozvahy podle právních předpisů, jak je popsáno v bodě 4, a položkami uvedenými v přechodné šabloně pro zpřístupňování informací nebo v šabloně pro zpřístupňování informací o kapitálu.
A14: 6) Pokud instituce plní požadavky stanovené v části osmé nařízení č. 575/2013/EU na konsolidovaném nebo subkonsolidovaném základě, rozsah a metoda konsolidace použité pro rozvahu v rámci účetní závěrky jsou však totožné s rozsahem a metodou konsolidace stanovenými podle části první hlavy II kapitoly 2 nařízení č. 575/2013/EU, a instituce jednoznačně uvedou, že mezi příslušnými rozsahy a metodami konsolidace neexistují rozdíly, použijí se pouze body 4 a 5 této přílohy na základě rozvahy v rámci účetní závěrky.
A15: 7) Pokud instituce plní požadavky stanovené v části osmé nařízení č. 575/2013/EU na individuálním základě, bod 3 této přílohy se nepoužije a místo toho se použijí body 4 a 5 této přílohy na základě rozvahy v rámci účetní závěrky.
A16: 8) Informace týkající se rozvahového sesouhlasení položek kapitálu vyplývající z použití metodiky popsané v této příloze mohou být poskytnuty v neauditované podobě.

Sheet V. Část 2
A1: V. Část 2
A2: Údaje o kapitálu a kapitálových požadavcích
A4: Údaje o kapitálu a kapitálových požadavcích | D4: Vyhláška č.163/2014 Sb., příloha 14
A6: Informace platné k datu: | C6: =Obsah!C49 -> (30/09/2016)
A7: Uveřejňují se údaje o kapitálu a kapitálových požadavcích podle článku podle článku 438 písm. c) až f) nařízení č. 575/2013/EU | D7: Bod 1 písm. b)
A9: V případě institucí, které počítají objem rizikově vážených expozic podle části třetí hlavy II kapitoly 2, 8 % objemu rizikově vážených expozic pro každou kategorii expozic uvedenou v článku 112 nařízení 2013/575/EU | B9: Expozice vůči ústředním vládám nebo centrálním bankám | D9: čl. 438 písm. c) nařízení 575/2013 EU
B10: Expozice vůči regionálním vládám nebo místním orgánům
B11: Expozice vůči subjektům veřejného sektoru
B12: Expozice vůči mezinárodním rozvojovým bankám
B13: Expozice vůči mezinárodním organizacím
B14: Expozice vůči institucím
B15: Expozice vůči podnikům
B16: Retailové expozice
B17: Expozice zajištěné nemovitostmi
B18: Expozice v selhání
B19: Expozice spojené s obzvláště vysokým rizikem
B20: Expozice v krytých dluhopisech
B21: Položky představující sekuritizované pozice
... B25: Ostatní položky
A26: kapitálové požadavky vypočítané podle čl. 92 odst. 3 písm. b) a c) nařízení 2013/575/EU | B26: K pozičnímu riziku | D26: čl. 438 písm. e) nařízení 575/2013 EU
B27: Pro velké expozice přesahující limity stanovené v článcích 395 až 401, pokud je instituci povoleno tyto limity překročit
B28: K měnovému rizyku
B29: K vypořádacímu riziku
B30: Ke komoditnímu riziku
A31: Kapitálové požadavky vypočítané podle části třetí hlavy III kapitol 2, 3 a 4 Nařízení 2013/575/EU a zpřístupňované odděleně | B31: Kapitálový požadavek podle hlavy III kapitoly 2 Nařízení 2013/575/EU | D31: čl. 438 písm. f) nařízení 575/2013 EU
B32: Kapitálový požadavek podle hlavy III kapitoly 3 Nařízení 2013/575/EU
B33: Kapitálový požadavek podle hlavy III kapitoly 4 Nařízení 2013/575/EU
A34: V případě institucí, které počítají objem rizikově vážených expozic podle části třetí hlavy II kapitoly 3, 8 % objemu rizikově vážených expozic pro každou kategorii expozic uvedenou v článku 147. V případě kategorie retailových expozic se tento požadavek použije na každou kategorii expozic, které odpovídají různé korelace podle čl. 154 odst. 1 až 4 nařízení 2013/575/EU | B34: Expozice vůči ústředním vládám nebo centrálním bankám | D34: čl. 438 písm. d) nařízení 575/2013 EU
B35: Expozice vůči institucím
B36: Expozice vůči podnikům
B37: Retailové expozice
B38: Akciové expozice
B39: Položky představující sekuritizované pozice
B40: Jiná aktiva nemající povahu úvěrového závazku
A41: V případě kategorie akciových expozic se tento požadavek použije na | B41: akciové expozice obchodované na regulovaných trzích
B42: akciové expozice neobchodované na regulovaných trzích v dostatečně diverzifikovaných portfoliích a jiné expozice
B43: expozice, které v oblasti kapitálových požadavků podléhají přechodným pravidlům dohledu
B44: expozice, které v oblasti kapitálových požadavků podléhají ustanovením o zachování právních účinků
B45: každý z přístupů uvedených v článku 155 nařízení 2013/575/EU

Sheet V. Část 3
A1: V. Část 3
A2: Kapitálové poměry
A4: Kapitálové poměry | D4: Vyhláška č.163/2014 Sb., příloha 14
A6: Informace platné k datu: | C6: =Obsah!C49 -> (30/09/2016)
A7: v % | C7: K ultimu vykazovaného období
A8: Kapitálové poměry povinné osoby | B8: Kapitálový poměr pro kmenový kapitál tier 1 | D8: Bod 2 písm. a)
B9: Kapitálový poměr pro kapitál tier 1
B10: Kapitálový poměr pro celkový kapitál
A11: Kapitálové poměry pobočky banky z jiného než členského státu | B11: Kapitálový poměr pro kapitál tier 1 | D11: Bod 2 písm. b)
B12: Kapitálový poměr pro celkový kapitál

Sheet V. Část 4
A1: V. Část 4
A2: Poměrové ukazatele
A4: Poměrové ukazatele | E4: Vyhláška č.163/2014 Sb., příloha 14
A6: Informace platné k datu: | D6: =Obsah!C49 -> (30/09/2016)
A7: v % | D7: K ultimu vykazovaného období
A8: Poměrové ukazatele povinné osoby, která je bankou nebo spořitelním a úvěrním družstvem | B8: Rentabilita průměrných aktiv (ROAA) | E8: Bod 3 písm. a)
B9: Rentabilita průměrného kapitálu tier 1 (ROAE)
B10: Aktiva na jednoho pracovníka
B11: Správní náklady na jednoho pracovníka
B12: Zisk nebo ztráta po zdanění na jednoho pracovníka
A13: Poměrové ukazatele povinné osoby, která je obchodníkem s cennými papíry | B13: Zadluženost I (celkový dluh bez majetku klientů/aktiva bez majetku klientů) | E13: Bod 3 písm. b)
B14: Zadluženost II (celkový dluh bez majetku klientů/vlastní kapitál)
B15: Rentabilita průměrných aktiv (ROAA, aktiva bez majetku klientů)
B16: Rentabilita průměrného kapitálu tier 1(ROAE)
B17: Rentabilita tržeb (zisk po zdanění/výnosy z investičních služeb)
B18: Správní náklady na jednoho pracovníka
A19: Poměrové ukazatele pobočky banky z jiného než členského státu | B19: Rentabilita průměrných aktiv (ROAA) | E19: Bod 3 písm. c)
B20: Rentabilita průměrného kapitálu tier 1 (ROAE)
B21: Aktiva na jednoho pracovníka
B22: Správní náklady na jednoho pracovníka
B23: Zisk nebo ztráta po zdanění na jednoho pracovníka

Sheet Číselník 1
A1: Číselník 1
A2: CZ-NACE (OKEČ) číselník
A4: CZ-NACE (OKEČ) číselník
D6: SEKCE A - ZEMĚDĚLSTVÍ, LESNICTVÍ A RYBÁŘSTVÍ
A8: 01 | D8: Rostlinná a živočišná výroba, myslivost a související činnosti
B10: 01.1 | D10: Pěstování plodin jiných než trvalých
C11: 01.11 | D11: Pěstování obilovin (kromě rýže), luštěnin a olejnatých semen
C12: 01.12 | D12: Pěstování rýže
C13: 01.13 | D13: Pěstování zeleniny a melounů, kořenů a hlíz
C14: 01.14 | D14: Pěstování cukrové třtiny
C15: 01.15 | D15: Pěstování tabáku
C16: 01.16 | D16: Pěstování přadných rostlin
C17: 01.19 | D17: Pěstování ostatních plodin jiných než trvalých
B19: 01.2 | D19: Pěstování trvalých plodin
C20: 01.21 | D20: Pěstování vinných hroznů
C21: 01.22 | D21: Pěstování tropického a subtropického ovoce
C22: 01.23 | D22: Pěstování citrusových plodů
C23: 01.24 | D23: Pěstování jádrového a peckového ovoce
C24: 01.25 | D24: Pěstování ostatního stromového a keřového ovoce a ořechů
C25: 01.26 | D25: Pěstování olejnatých plodů
C26: 01.27 | D26: Pěstování rostlin pro výrobu nápojů
C27: 01.28 | D27: Pěstování koření, aromatických, léčivých a farmaceutických rostlin
C28: 01.29 | D28: Pěstování ostatních trvalých plodin
B30: 01.3 | D30: Množení rostlin
C31: 01.30 | D31: Množení rostlin
B33: 01.4 | D33: Živočišná výroba
C34: 01.41 | D34: Chov mléčného skotu
C35: 01.42 | D35: Chov jiného skotu
C36: 01.43 | D36: Chov koní a jiných koňovitých
C37: 01.44 | D37: Chov velbloudů a velbloudovitých
C38: 01.45 | D38: Chov ovcí a koz
C39: 01.46 | D39: Chov prasat
C40: 01.47 | D40: Chov drůbeže
C41: 01.49 | D41: Chov ostatních zvířat
C42: 01.49.1 | D42: Chov drobných hospodářských zvířat
C43: 01.49.2 | D43: Chov kožešinových zvířat
C44: 01.49.3 | D44: Chov zvířat pro zájmový chov
C45: 01.49.9 | D45: Chov ostatních zvířat j. n.
B47: 01.5 | D47: Smíšené hospodářství
C48: 01.50 | D48: Smíšené hospodářství
B50: 01.6 | D50: Podpůrné činnosti pro zemědělství a posklizňové činnosti
C51: 01.61 | D51: Podpůrné činnosti pro rostlinnou výrobu
C52: 01.62 | D52: Podpůrné činnosti pro živočišnou výrobu
C53: 01.63 | D53: Posklizňové činnosti
C54: 01.64 | D54: Zpracování osiva pro účely množení
B56: 01.7 | D56: Lov a odchyt divokých zvířat a související činnosti
C57: 01.70 | D57: Lov a odchyt divokých zvířat a související činnosti
A59: 02 | D59: Lesnictví a těžba dřeva
B61: 02.1 | D61: Lesní hospodářství a jiné činnosti v oblasti lesnictví
C62: 02.10 | D62: Lesní hospodářství a jiné činnosti v oblasti lesnictví
B64: 02.2 | D64: Těžba dřeva
C65: 02.20 | D65: Těžba dřeva
B67: 02.3 | D67: Sběr a získávání volně rostoucích plodů a materiálů, kromě dřeva
C68: 02.30 | D68: Sběr a získávání volně rostoucích plodů a materiálů, kromě dřeva
B70: 02.4 | D70: Podpůrné činnosti pro lesnictví
C71: 02.40 | D71: Podpůrné činnosti pro lesnictví
A73: 03 | D73: Rybolov a akvakultura
B75: 03.1 | D75: Rybolov
C76: 03.11 | D76: Mořský rybolov
C77: 03.12 | D77: Sladkovodní rybolov
B79: 03.2 | D79: Akvakultura
C80: 03.21 | D80: Mořská akvakultura
C81: 03.22 | D81: Sladkovodní akvakultura
D84: SEKCE B - TĚŽBA A DOBÝVÁNÍ
A86: 05 | D86: Těžba a úprava černého a hnědého uhlí
B88: 05.1 | D88: Těžba a úprava černého uhlí
C89: 05.10 | D89: Těžba a úprava černého uhlí
C90: 05.10.1 | D90: Těžba černého uhlí
C91: 05.10.2 | D91: Úprava černého uhlí
B93: 05.2 | D93: Těžba a úprava hnědého uhlí
C94: 05.20 | D94: Těžba a úprava hnědého uhlí
C95: 05.20.1 | D95: Těžba hnědého uhlí, kromě lignitu
C96: 05.20.2 | D96: Úprava hnědého uhlí, kromě lignitu
C97: 05.20.3 | D97: Těžba lignitu
C98: 05.20.4 | D98: Úprava lignitu
A100: 06 | D100: Těžba ropy a zemního plynu
B102: 06.1 | D102: Těžba ropy
C103: 06.10 | D103: Těžba ropy
B105: 06.2 | D105: Těžba zemního plynu
C106: 06.20 | D106: Těžba zemního plynu
A108: 07 | D108: Těžba a úprava rud
B110: 07.1 | D110: Těžba a úprava železných rud
C111: 07.10 | D111: Těžba a úprava železných rud
C112: 07.10.1 | D112: Těžba železných rud
C113: 07.10.2 | D113: Úprava železných rud
B115: 07.2 | D115: Těžba a úprava neželezných rud
C116: 07.21 | D116: Těžba a úprava uranových a thoriových rud
C117: 07.21.1 | D117: Těžba uranových a thoriových rud
C118: 07.21.2 | D118: Úprava uranových a thoriových rud
C119: 07.29 | D119: Těžba a úprava ostatních neželezných rud
C120: 07.29.1 | D120: Těžba ostatních neželezných rud
C121: 07.29.2 | D121: Úprava ostatních neželezných rud
A123: 08 | D123: Ostatní těžba a dobývání
B125: 08.1 | D125: Dobývání kamene, písků a jílů
C126: 08.11 | D126: Dobývání kamene pro výtvarné nebo stavební účely, vápence, sádrovce, křídy a břidlice
C127: 08.12 | D127: Provoz pískoven a štěrkopískoven; těžba jílů a kaolinu
B129: 08.9 | D129: Těžba a dobývání j. n.
C130: 08.91 | D130: Těžba chemických minerálů a minerálů pro výrobu hnojiv
C131: 08.92 | D131: Těžba rašeliny
C132: 08.93 | D132: Těžba soli
...

Sheet Číselník 2
A1: Číselník 2
A2: Název | B2: Kód
A3: AD | B3: Andorrské knížectví
A4: AE | B4: Spojené arabské emiráty
A5: AF | B5: Afghánistán
A6: AG | B6: Antigua a Barbuda
A7: AI | B7: Anguilla
A8: AL | B8: Albánská republika
A9: AM | B9: Arménská republika
A10: AO | B10: Angolská republika
A11: AQ | B11: Antarktida
A12: AR | B12: Argentinská republika
A13: AS | B13: Americká Samoa
... A252: ZW | B252: Republika Zimbabwe

Sheet List1
